Cogmind - Beta 14 @@@ ROGUE MODE // 2025.03.24 @ 22:10:31 Player: Cog on my mind Result: Escaped! Performance ------------- Evolutions (9) 4500 Regions Visited (29) 5800 Robots Destroyed (412) 2060 Value Destroyed (17851) 17851 Prototype IDs (150) 3000 Alien Tech Used (10) 2000 Bonus (19955) 19955 TOTAL SCORE: 55166 Bonus ------- Triggered High Security 1000 High Alert Combat Kills 4642 Follower Combat Kills 6062 Network Hubs Disabled 400 Registered with UFD 300 Met Zhirov 300 Met Warlord at Base 500 MAIN.C Attacked Warlord 500 Warlord Defense Kills 1048 Built Enhanced Grunts 300 A7 Reached Mainframe 300 Met R17 at Cetus 500 Hacked Protovariant 500 Met R17 at Research 2000 Win 3000 Friendly Fire -1397 Cogmind --------- Core Integrity 1436/1600 Matter 280/300 Energy 154/1100 System Corruption 1% Temperature Cool (86) Movement Core (600) Ox11 Location To Epsilon Eridani Parts ------- > --- POWER (3) -------- Singularity Reactor > --- PROPULSION (8) --- Cooled Antigrav System Cooled Linear Gravjet Combat Linear Gravjet Combat Linear Gravjet Combat Linear Gravjet Combat Linear Gravjet Combat Linear Gravjet > --- UTILITY (11) ----- High-capacity Storage Unit Spectral Analyzer Experimental Signal Interpreter Advanced Terrain Scan Processor Advanced Targeting Computer Layered Heavy Armor Plating Advanced EM Disruption Field Experimental Hardlight Generator Advanced Hacking Suite A0-MCA's Component Scanner > --- WEAPON (3) ------- Improved Potential Cannon Nanosword > --- INVENTORY (20) --- Advanced Heavy Treads Experimental Coolant Injector Experimental Energy Well (0) Improved Matter Compressor (300) Long-range Sensor Array Long-range Terrain Scanner Advanced Weapon Cycler Femtoactuators Antimissile System Improved Trap Extractor (3/6 Vortex) High-powered Transdimensional Reconstructor Integrity Redistributor Subatomic Replicator Enhanced Nova Cannon Point Singularity Launcher Peak State ------------ > --- POWER ------------ Singularity Reactor > --- PROPULSION ------- Cooled Antigrav System Cooled Linear Gravjet Cooled Linear Gravjet Combat Linear Gravjet Combat Linear Gravjet Combat Linear Gravjet Combat Linear Gravjet Combat Linear Gravjet > --- UTILITY ---------- High-capacity Storage Unit Spectral Analyzer Experimental Signal Interpreter Advanced Terrain Scan Processor Advanced Targeting Computer Layered Heavy Armor Plating Advanced EM Disruption Field Experimental Hardlight Generator Advanced Hacking Suite A0-MCA's Component Scanner > --- WEAPON ----------- Improved Potential Cannon Nanosword > --- INVENTORY -------- Advanced Heavy Treads Experimental Coolant Injector Experimental Energy Well Improved Matter Compressor Long-range Sensor Array Long-range Terrain Scanner Advanced Weapon Cycler Femtoactuators Antimissile System Improved Trap Extractor High-powered Transdimensional Reconstructor Integrity Redistributor Subatomic Replicator Enhanced Nova Cannon Point Singularity Launcher [Rating: 223] Favorites ----------- Power Quantum Reactor Engine Cooled Ion Engine Power Core Enhanced Nuclear Core Reactor Quantum Reactor Propulsion Combat Linear Gravjet Treads Light Treads Leg Advanced VSS Leg Wheel Wheel Hover Unit Combat Linear Gravjet Flight Unit Makeshift Flight Unit Utility Centrium Medium Armor Plating Device Experimental Heat Sink Storage Huge Storage Unit Processor A0-MCA's Component Scanner Hackware Hacking Suite Protection Centrium Medium Armor Plating Weapon Advanced Beam Cannon Energy Gun Cooled Plasma Rifle Energy Cannon Advanced Beam Cannon Ballistic Gun Advanced KE Penetrator Ballistic Cannon Hypervelocity Gauss Cannon Launcher Long-range Missile Launcher Special Weapon Advanced Remote Datajack Slashing Weapon Nanosword Piercing Weapon Makeshift Spear Special Melee Weapon Improved Datajack Build | -11 -10 -10 -9 -9 -9 -9 -6 -6 -6 -6 -6 -5 -5 -5 -5 -4 -4 -4 -4 -4 -4 -4 -3 -3 -3 -2 -2 -2 -1 ------- Run | Yrd Mat Min Mat Sto Rec Scr Fac Ext Cet Arc Hub Fac Upp Upp War Pro Fac Was Fac Upp Upp Zhi Pro Res Qua Res Tes Sec Acc Slots Evolved 18 | . . . 2 . . . 6 . . . . 2 . . . . 2 . . . . . . 2 . 2 . . 2 Power 2 | . . . . . . . . . . . . 1 . . . . . . . . . . . . . . . . 1 Propulsion 6 | . . . 1 . . . 3 . . . . . . . . . 1 . . . . . . 1 . . . . . Utility 9 | . . . 1 . . . 2 . . . . 1 . . . . 1 . . . . . . 1 . 2 . . 1 Weapon 1 | . . . . . . . 1 . . . . . . . . . . . . . . . . . . . . . . Parts Attached 412 | 7 13 3 17 12 . 5 68 15 17 4 5 69 11 6 14 2 13 . 19 3 . 2 9 27 14 7 21 18 11 Power 29 | 1 1 1 2 1 . . 4 1 1 . . 4 . . 3 . 1 . 2 . . . 1 4 . 1 . . 1 Engine 9 | 1 1 1 2 1 . . 1 . . . . 1 . . 1 . . . . . . . . . . . . . . Core 4 | . . . . . . . 2 . . . . 2 . . . . . . . . . . . . . . . . . Reactor 16 | . . . . . . . 1 1 1 . . 1 . . 2 . 1 . 2 . . . 1 4 . 1 . . 1 Propulsion 111 | 2 2 . 5 1 . 1 30 7 4 1 1 18 2 2 5 . 3 . 7 . . . 1 12 . . 2 2 3 Treads 52 | 2 2 . 4 1 . 1 18 7 4 1 1 11 . . . . . . . . . . . . . . . . . Leg 2 | . . . . . . . . . . . . 2 . . . . . . . . . . . . . . . . . Wheel 17 | . . . 1 . . . 12 . . . . 4 . . . . . . . . . . . . . . . . . Hover 38 | . . . . . . . . . . . . 1 2 . 5 . 3 . 7 . . . 1 12 . . 2 2 3 Flight 2 | . . . . . . . . . . . . . . 2 . . . . . . . . . . . . . . . Utility 135 | 2 3 . 4 2 . 2 15 4 6 1 3 17 6 1 4 . 6 . 7 . . 2 1 7 8 2 19 9 4 Device 73 | 1 . . 2 . . 1 7 1 2 1 1 7 2 1 . . 2 . 2 . . 1 . 4 8 2 17 9 2 Storage 13 | 1 1 . 1 1 . 1 1 . 1 . . 3 1 . . . 1 . 1 . . . . . . . . . . Processor 7 | . . . . . . . . . . . . . 1 . 2 . 1 . 1 . . . . 1 . . . . 1 Hackware 12 | . . . . 1 . . 2 . . . 1 1 1 . . . . . 2 . . . . 2 . . 2 . . Protection 30 | . 2 . 1 . . . 5 3 3 . 1 6 1 . 2 . 2 . 1 . . 1 1 . . . . . 1 Artifact . | . . . . . . . . . . . . . . . . . . . . . . . . . . . . . . Weapon 137 | 2 7 2 6 8 . 2 19 3 6 2 1 30 3 3 2 2 3 . 3 3 . . 6 4 6 4 . 7 3 Energy Gun 17 | . 3 1 1 . . . 2 1 3 . . 2 1 . 1 . . . . . . . . . . . . 1 1 Energy Cannon 45 | . . . 4 5 . 2 13 1 1 1 . 8 . . . . . . 2 . . . . . 2 2 . 2 2 Ballistic Gun 17 | 2 3 . . . . . . . 1 . 1 7 . . . . . . . . . . . 3 . . . . . Ballistic Cannon 10 | . . . . . . . . . . . . 5 . . . . . . 1 2 . . 1 . 1 . . . . Launcher 24 | . 1 1 1 2 . . 1 1 . . . 8 1 . . . 2 . . 1 . . 2 . . . . 3 . Special Weapon 5 | . . . . . . . . . 1 . . . . . 1 2 1 . . . . . . . . . . . . Impact Weapon . | . . . . . . . . . . . . . . . . . . . . . . . . . . . . . . Slashing Weapon 16 | . . . . 1 . . 3 . . 1 . . 1 . . . . . . . . . 3 1 3 2 . 1 . Piercing Weapon 2 | . . . . . . . . . . . . . . 2 . . . . . . . . . . . . . . . Special Melee Weapon 1 | . . . . . . . . . . . . . . 1 . . . . . . . . . . . . . . . Unidentified Prototypes 34 | . . . 2 1 . . 11 . 7 . . 3 1 . . . . . . . . 1 . . 2 1 . 5 . Corrupted Parts 2 | . . . . . . . . . . . 2 . . . . . . . . . . . . . . . . . . System Corruption 14 | . . . . . . . . . . . 14 . . . . . . . . . . . . . . . . . . Parts Lost 80 | . 2 . . . . . 17 7 1 . 1 38 3 . 1 . . . 1 . . . 5 1 . . . 2 1 Power 8 | . . . . . . . 2 . . . . 5 . . . . . . . . . . 1 . . . . . . Propulsion 34 | . 1 . . . . . 8 4 1 . . 13 1 . . . . . 1 . . . 2 1 . . . 1 1 Utility 17 | . . . . . . . 4 2 . . . 8 1 . . . . . . . . . 2 . . . . . . Weapon 21 | . 1 . . . . . 3 1 . . 1 12 1 . 1 . . . . . . . . . . . . 1 . Highest Loss Streak 15 | . 1 . . . . . 3 2 1 . 1 15 3 . 1 . . . 1 . . . 4 1 . . . 2 1 To Critical Strikes 5 | . . . . . . . 2 . . . . 2 . . . . . . . . . . . . . . . . 1 Average Slot Usage (%) 92 | . 99 100 99 100 100 99 96 99 87 86 86 83 55 66 88 96 95 100 89 89 89 87 84 84 95 94 94 92 90 Engine 4 | . 14 14 11 11 11 11 2 . . . . . . . 6 . . . . . . . . . . . . . . Reactor 4 | . . . . . . . . 6 6 6 6 8 . . 3 11 10 10 10 10 10 10 9 8 9 8 8 8 7 Treads 19 | . 27 28 31 33 33 33 30 39 27 26 26 16 7 . . . . . . . . . . . . . . . . Wheel 1 | . . . 1 . . . 8 . . . . 3 . . . . . . . . . . . . . . . . . Hover 10 | . . . . . . . . . . . . . 6 11 21 35 33 36 36 36 36 36 34 33 38 34 34 34 31 Device 8 | . 2 . 11 2 . 5 10 13 13 13 6 10 9 6 5 5 5 5 6 10 10 8 2 8 9 16 16 16 15 Storage 7 | . 14 14 11 11 11 11 6 6 6 6 6 5 7 5 2 . 3 5 5 5 5 5 5 4 4 4 4 4 4 Processor 4 | . . . . . . . . . . . . . 3 5 12 11 14 15 15 15 15 15 15 14 19 17 17 17 19 Hackware 4 | . . . . 8 11 5 10 3 . . 5 5 2 5 5 5 5 5 2 . . . . 3 4 4 4 4 4 Protection 7 | . 10 14 11 11 11 11 2 8 12 13 12 8 4 5 4 11 6 5 5 5 5 5 5 . . . . . . Energy Gun 4 | . 10 28 3 . . . 1 14 17 13 13 1 . . 1 . . . . . . . . . . . . . . Energy Cannon 7 | . . . 18 20 22 21 16 4 1 . 6 5 . . . . . . . . . . . . . . . . 4 Ballistic Gun 1 | . 17 . . . . . . . . . . 6 . . . . . . . . . . . 2 . . . . . Slashing Weapon 2 | . . . . . . . 1 . . 5 . . 4 5 5 5 5 5 5 5 5 5 8 4 8 7 8 5 4 Peak Build Rating 223 | 7 10 11 22 27 24 27 77 84 124 126 130 148 87 74 128 132 141 142 147 147 141 142 147 170 191 203 215 212 223 Average Rating 89 | 4 7 10 18 23 24 25 56 79 112 122 120 124 66 70 98 126 134 141 137 141 141 139 135 147 186 201 207 194 199 On Entrance 100 | . 7 10 11 22 24 24 27 71 81 124 120 130 58 58 73 123 132 141 142 141 141 141 137 124 170 190 203 210 189 Naked Turns . | . . . . . . . . . . . . . . . . . . . . . . . . . . . . . . Heaviest Build 166 | 13 24 24 43 63 63 105 127 124 137 137 135 166 111 16 44 48 74 74 87 95 83 84 90 79 90 92 99 102 145 Greatest Support 240 | 40 40 40 66 66 66 66 136 140 210 210 240 240 77 24 65 85 98 98 92 96 86 86 102 109 115 115 115 121 141 Greatest Overweight (x) 45 | . . . 2 . . 1 11 . . 45 . 10 1 . . . . . 1 1 . . 1 1 . . 1 . 11 Average Overweight (x) . | . . . . . . . 1 . . 13 . 1 . . . . . . . . . . . . . . . . . Largest Inventory Capacity 25 | 8 10 10 15 20 20 25 25 25 25 25 25 25 25 5 5 5 15 15 20 20 20 20 20 20 20 20 20 20 20 Average Capacity 19 | 6 9 10 10 17 20 21 25 25 25 25 25 25 12 5 5 5 12 15 17 20 20 20 20 20 20 20 20 20 20 Most Carried 25 | 1 10 10 14 18 18 25 25 25 25 25 25 25 16 5 5 5 15 15 20 20 20 20 20 20 20 20 20 20 20 Average Carried 17 | . 8 10 9 14 18 20 22 23 24 24 23 22 8 4 4 4 10 14 16 19 20 19 19 19 19 18 19 18 19 Final Capacity 25 | 8 10 10 15 20 20 25 25 25 25 25 25 25 5 5 5 5 15 15 20 20 20 20 20 20 20 20 20 20 20 Final Carried 25 | 1 10 10 13 18 18 25 24 23 25 25 22 16 5 5 5 5 15 15 20 20 20 20 17 19 20 19 19 20 16 Class Distribution -------------------- 23% | Mutant 17% | Scavenger-Mutant 13% | Scavenger-Tank 12% | Machinist-Scout 6% | Scavenger-Gunner 6% | Scout 3% | Commander-Mutant 3% | Commander-Gunner Dominant Class ---------------- Mutant | -10/Materials Scavenger-Mutant | -10/Mines Scavenger-Mutant | -9/Materials Mutant | -9/Storage Mutant | -9/Recycling Mutant | -9/Scraptown Scavenger-Gunner | -6/Factory Commander-Gunner | -6/Extension Scavenger-Tank | -6/Cetus Scavenger-Mutant | -6/Archives Scavenger-Tank | -6/Hub_04(d) Scavenger-Tank | -5/Factory Mutant | -5/Upper Caves Scavenger-Mutant | -5/Upper Caves Commander-Mutant | -5/Warlord Scavenger-Sprinter | -4/Proximity Caves Scavenger-Scout | -4/Factory Scavenger-Scout | -4/Waste Scout | -4/Factory Scout | -4/Upper Caves Scout | -4/Upper Caves Scout | -4/Zhirov Scout | -3/Proximity Caves Machinist-Scout | -3/Research Machinist-Scout | -3/Quarantine Machinist-Scout | -2/Research Machinist-Scout | -2/Testing Machinist-Scout | -2/Section 7 Machinist-Scout | -1/Access Resources | -11 -10 -10 -9 -9 -9 -9 -6 -6 -6 -6 -6 -5 -5 -5 -5 -4 -4 -4 -4 -4 -4 -4 -3 -3 -3 -2 -2 -2 -1 ----------- Run | Yrd Mat Min Mat Sto Rec Scr Fac Ext Cet Arc Hub Fac Upp Upp War Pro Fac Was Fac Upp Upp Zhi Pro Res Qua Res Tes Sec Acc Matter Collected 9364 | 235 534 119 209 140 25 59 2518 205 163 48 40 2144 361 254 135 20 197 . 241 159 27 35 145 456 187 117 210 344 37 Remotely . | . . . . . . . . . . . . . . . . . . . . . . . . . . . . . . Salvage Created 18954 | 20 810 142 516 1383 56 . 3545 1516 148 300 309 3563 185 89 405 . 558 . 456 127 29 110 460 516 668 631 1006 733 673 Parts 986 | 5 64 14 36 90 1 . 150 51 8 25 8 198 2 4 18 . 30 . 30 1 3 1 18 19 34 31 66 41 38 Haulers Intercepted 21 | . 1 . 1 5 . . 3 . . . . 3 . . . . 2 . 1 . . . . 3 . 1 . . 1 Recyclers Shooed 9 | . . . . . . . 6 . . . . 2 . . . . . . 1 . . . . . . . . . . Parts Field Recycled . | . . . . . . . . . . . . . . . . . . . . . . . . . . . . . . Retrieved Matter . | . . . . . . . . . . . . . . . . . . . . . . . . . . . . . . Parts Self-Destructed 28 | . . . . . . . . . . . . . 4 5 . . . . . 1 8 . 10 . . . . . . Prevented . | . . . . . . . . . . . . . . . . . . . . . . . . . . . . . . Kills | -11 -10 -10 -9 -9 -9 -9 -6 -6 -6 -6 -6 -5 -5 -5 -5 -4 -4 -4 -4 -4 -4 -4 -3 -3 -3 -2 -2 -2 -1 ------- Run | Yrd Mat Min Mat Sto Rec Scr Fac Ext Cet Arc Hub Fac Upp Upp War Pro Fac Was Fac Upp Upp Zhi Pro Res Qua Res Tes Sec Acc Combat Hostiles Destroyed 276 | . 18 5 8 21 1 . 37 23 2 2 5 71 1 1 9 4 10 . 3 1 . . 16 . 6 4 10 12 6 Melee 39 | . . . . . . . . . . . . 1 1 1 . . 2 . 3 . . . . . 4 4 10 10 3 Guns 71 | . 15 2 . . . . 2 15 1 1 2 23 . . 8 . . . . . . . . . 2 . . . . Cannons 81 | . . . 6 13 1 . 26 3 . 1 2 28 . . . . . . . . . . . . . . . . 1 AOE 76 | . 3 3 2 7 . . 5 3 . . . 19 . . 1 4 8 . . 1 . . 16 . . . . 2 2 Classes Destroyed 23 | 1 7 1 2 1 . . 6 . . . 1 1 . 1 . . . . . . . . 1 . 1 . . . . Worker 16 | . 2 1 2 . . . 7 . . . . 1 . . . . . . 2 . . . . 1 . . . . . Builder 13 | . . 1 3 1 . . 1 . . . . 5 . . . . 1 . 1 . . . . . . . . . . Tunneler 5 | 1 1 . . . . . 2 . . . . . . . . . . . . . . . . . . 1 . . . Hauler 21 | . 1 . 1 5 . . 3 . . . . 3 . . . . 2 . 1 . . . . 3 . 1 . . 1 Recycler 11 | . . . 1 . . . 7 1 . . . 1 . . . . . . . . . . . . . . 1 . . Minesweeper 2 | . . . . . . . . . . . . . . 1 . . . . . . 1 . . . . . . . . Mechanic 8 | . 1 . 1 1 . . 3 . . . . 1 . . . . . . . . . . . . 1 . . . . Operator 20 | . 1 . 1 1 . . 1 . . 4 . 1 . . . . 3 . 3 . . . . . 1 . 1 1 2 Drone 2 | . . . . . . . . . . . . . . . . . . . . . . . 2 . . . . . . Watcher 31 | . 3 . . 2 . . . 2 . . 1 2 . . . . 3 . 3 . . . . 4 1 5 1 1 3 Swarmer 60 | . 6 3 3 . . . . 4 . . . 17 . . 1 4 8 . . 1 . . 7 . . . . 6 . Saboteur 3 | . . . . . . . . . . . . 2 . . . . . . . . . . 1 . . . . . . Grunt 103 | . 12 2 2 15 . . 16 9 . . 4 21 . 1 4 . . . 1 . . . 6 . 2 4 1 2 1 Brawler 9 | . . . . . . . 2 1 . . . 4 . . 1 . . . . . . . . . 1 . . . . Duelist 9 | . . . . 1 . . 5 . . . . 2 1 . . . . . . . . . . . . . . . . Protector 1 | . . . . . . . 1 . . . . . . . . . . . . . . . . . . . . . . Researcher 5 | . . . . . . . . . . . . . . . . . . . . . . . . . 2 . 2 1 . Sentry 25 | . . . 3 7 1 . 1 6 . 2 . 3 . . . . . . . . . . . . . . . 2 . Specialist 14 | . . . . . . . 3 . . . . 11 . . . . . . . . . . . . . . . . . Hunter 17 | . . . . . . . 5 . . . . 5 . . 1 . 2 . . . . . . . . . 2 . 2 Programmer 30 | . . . . . . . 3 3 . . . 5 . . 2 . . . 2 . . . . . 3 . 7 2 3 Heavy 3 | . . . . . . . 2 . . . . 1 . . . . . . . . . . . . . . . . . Behemoth 1 | . . . . . . . . . . . 1 . . . . . . . . . . . . . . . . . . Cetus Guard 2 | . . . . . . . . . 2 . . . . . . . . . . . . . . . . . . . . Thug 1 | . . . . . . . . 1 . . . . . . . . . . . . . . . . . . . . . Best Kill Streak 10 | 1 8 4 6 9 1 . 7 5 1 2 2 10 1 2 9 4 7 . 2 1 1 . 10 1 4 4 4 3 4 Combat Bots Only 10 | . 5 3 3 7 1 . 6 5 1 1 2 9 1 1 9 4 5 . 2 1 . . 10 . 4 2 3 3 3 Max Kills in Single Turn 7 | 1 3 4 4 7 1 . 6 3 1 1 1 5 1 1 2 4 3 . 2 1 1 . 4 1 1 1 1 2 2 Gunslinging 1 | . 1 . . . . . . 1 . . . . . . . . . . . . . . . . . . . . . Exploded 5 | . 2 3 2 3 . . 5 3 . . . 5 . . 1 4 3 . . 1 . . 4 . . . . 2 1 Melee 1 | . . . . . . . . . . . . 1 1 1 . . 1 . 1 . . . . . 1 1 1 1 1 Uniques/NPCs Destroyed . | . . . . . . . . . . . . . . . . . . . . . . . . . . . . . . Combat | -11 -10 -10 -9 -9 -9 -9 -6 -6 -6 -6 -6 -5 -5 -5 -5 -4 -4 -4 -4 -4 -4 -4 -3 -3 -3 -2 -2 -2 -1 -------- Run | Yrd Mat Min Mat Sto Rec Scr Fac Ext Cet Arc Hub Fac Upp Upp War Pro Fac Was Fac Upp Upp Zhi Pro Res Qua Res Tes Sec Acc Hostile Shots Fired 2003 | . 77 11 26 22 4 . 351 200 28 3 63 671 65 4 14 19 53 1 13 2 . . 89 . 24 18 55 83 107 Missed 690 | . 20 7 8 10 1 . 93 83 10 1 16 191 24 2 5 10 31 1 4 2 . . 38 . 16 9 35 39 34 Damage Taken 22633 | . 639 55 304 189 54 . 4150 1612 537 45 734 8172 884 40 189 156 463 . 333 . . . 1192 199 233 204 237 953 1059 Core 2070 | . 93 . 73 12 . . 330 90 68 . 25 563 146 . . 40 76 . 69 . . . 163 85 29 . 30 14 164 Absorbed by Shields 931 | . . . . . . . 36 55 62 . . 538 . . . . . . . . . . . . . . 10 50 180 Reduced by Siege Mode 137 | . . . . . . . . . . . 16 121 . . . . . . . . . . . . . . . . . Redirected to Shielding 4 | . 4 . . . . . . . . . . . . . . . . . . . . . . . . . . . . Ignored by Resistances 690 | . . . . . . . . . . . . . . . . . . . . . . . . . 35 . 167 37 451 Regen/Repaired (Parts) 1940 | . . . . . . . . . . . . . . . 231 . . . 278 . . . . 177 159 179 110 806 . Core Remaining (%) 70 | 100 . 62 . . . 78 . . . . 39 . . . . 25 . . . . . . 73 . 85 . . 79 89 Volleys Fired 697 | 2 70 5 22 53 4 . 126 54 16 4 17 213 2 . 32 3 4 . 17 9 . . 12 8 14 1 . 4 5 Largest 3 | 2 2 2 2 2 2 . 3 3 3 3 3 3 1 . 1 1 1 . 1 1 . . 1 1 2 1 . 1 1 Hottest 315 | 40 70 90 136 136 136 . 315 153 129 138 234 227 75 . 60 . 43 . 90 66 . . 66 40 113 300 . 55 200 Shots Fired 1432 | 4 138 9 41 102 7 . 311 132 34 15 45 478 2 . 32 3 5 . 17 9 . . 12 8 18 1 . 4 5 Gun 592 | 4 136 8 8 . . . 21 109 32 11 28 190 1 . 32 . . . . . . . . 8 4 . . . . Cannon 772 | . . . 30 96 7 . 290 22 . 4 17 259 . . . . . . 16 8 . . 3 . 14 1 . . 5 Launcher 62 | . 2 1 3 6 . . . 1 . . . 29 1 . . . 4 . 1 1 . . 9 . . . . 4 . Special 6 | . . . . . . . . . 2 . . . . . . 3 1 . . . . . . . . . . . . Kinetic 423 | 4 114 . . . . . . . . . . 278 . . . . . . . 8 . . 3 8 8 . . . . Thermal 893 | . 22 . 30 96 7 . 311 131 32 15 45 171 1 . . . . . 16 . . . . . 10 1 . . 5 Explosive 59 | . 2 1 3 . . . . 1 . . . 29 . . . 3 5 . 1 1 . . 9 . . . . 4 . Electromagnetic 23 | . . 8 8 6 . . . . . . . . 1 . . . . . . . . . . . . . . . . Entropic 32 | . . . . . . . . . . . . . . . 32 . . . . . . . . . . . . . . Robot Hit Streak 22 | 3 8 7 8 9 6 . 16 13 8 3 7 22 . . 8 3 . . . 3 . . 4 2 3 . . . 1 Robot Miss Streak 8 | 1 4 1 2 7 . . 5 2 2 1 2 8 2 . 7 . . . 1 2 . . 3 1 2 . . . 3 Penetration Max 1 | . . . . . . . . . . . . 1 . . . . . . . . . . . . 1 . . . . Secondary Targets 7 | . 3 . . . . . . 3 . . . 1 . . . . . . . . . . . . . . . . . Max Gunslinging Chain 2 | . 1 . . . . . . 2 . . . 1 . . . . . . . . . . . . . . . . . Shots Hit Robots 1026 | 3 78 7 24 51 6 . 191 85 26 13 26 274 6 2 34 3 20 . 20 7 1 2 7 22 20 23 25 27 23 Core Hits 572 | 1 43 9 23 38 1 . 105 45 7 5 12 144 2 1 21 4 21 . 10 1 . . 23 5 5 9 14 12 11 Critical Kills 24 | . 1 . . 1 . . 2 2 . . . 15 . . . . . . . . . . . 1 2 . . . . Critical Parts Destroyed 31 | . . . . . . . . . . . . 26 . . 1 . . . . 1 . . . 2 1 . . . . Critical Strikes 93 | . 4 . . 1 . . 5 9 1 . 2 47 . . 2 . 2 . 1 1 . . 1 4 5 2 2 3 1 Burn 15 | . 3 . . . . . 2 7 1 . 2 . . . . . . . . . . . . . . . . . . Meltdown 5 | . . . . 1 . . 2 2 . . . . . . . . . . . . . . . . . . . . . Destroy 53 | . 1 . . . . . . . . . . 43 . . . . . . . 1 . . 1 3 4 . . . . Blast 4 | . . . . . . . . . . . . 4 . . . . . . . . . . . . . . . . . Sever 15 | . . . . . . . 1 . . . . . . . 1 . 2 . 1 . . . . 1 1 2 2 3 1 Detonate 1 | . . . . . . . . . . . . . . . 1 . . . . . . . . . . . . . . Melee Attacks 442 | . . . . 3 . . 14 . . 5 . . 7 4 17 . 31 . 45 8 2 2 1 34 40 28 69 78 54 Impact . | . . . . . . . . . . . . . . . . . . . . . . . . . . . . . . Slashing 434 | . . . . 3 . . 14 . . 5 . . 7 3 10 . 31 . 45 8 2 2 1 34 40 28 69 78 54 Piercing 2 | . . . . . . . . . . . . . . 1 1 . . . . . . . . . . . . . . Sneak Attacks 46 | . . . . . . . 5 . . 5 . . . 1 6 . 4 . 6 . 1 . . 4 2 4 4 3 1 Combat Hostiles 3 | . . . . . . . . . . . . . . . . . . . 1 . . . . . . . 1 1 . Follow-up Attacks 16 | . . . . . . . . . . . . . . . . . . . . . . . . . 4 4 2 6 . Damage Inflicted 55069 | 38 1252 261 1029 1805 128 . 9174 3030 811 1024 978 11247 370 205 1528 949 3028 . 1735 425 132 256 2436 1433 1661 2306 2636 2649 2543 Guns 10467 | 38 1049 98 108 . . . 460 2208 811 186 586 3495 . . 1359 . . . . . . . . 34 35 . . . . Cannons 14759 | . . . 449 1041 123 . 6423 580 . 156 392 5070 . . . . . . . 83 . . 42 . 65 . . . 335 Explosions 12613 | . 203 163 472 764 . . 1752 242 . . . 2682 48 . 100 792 1627 . 73 80 . . 2394 . . . . 340 881 Melee 17068 | . . . . . . . 539 . . 682 . . 322 205 69 . 1401 . 1662 262 132 256 . 1399 1561 2306 2636 2309 1327 Ramming 5 | . . . . . 5 . . . . . . . . . . . . . . . . . . . . . . . . Kinetic 6252 | 38 872 . . . . . . . . . . 5083 . . . . . . . 83 . . 42 34 100 . . . . Thermal 19540 | . 177 . 542 1425 123 . 6883 2788 811 342 978 3519 . . 100 . 636 . . . . . . . . . . . 1216 Explosive 9948 | . 203 163 379 . . . 1752 242 . . . 2625 . . . 792 905 . 73 80 . . 2394 . . . . 340 . Electromagnetic 740 | . . 98 108 380 . . . . . . . 20 48 . . . 86 . . . . . . . . . . . . Impact . | . . . . . . . . . . . . . . . . . . . . . . . . . . . . . . Slashing 17225 | . . . . . . . 539 . . 682 . . 322 205 69 157 1401 . 1662 262 132 256 . 1399 1561 2306 2636 2309 1327 Piercing . | . . . . . . . . . . . . . . . . . . . . . . . . . . . . . . Entropic 1359 | . . . . . . . . . . . . . . . 1359 . . . . . . . . . . . . . . Highest Corruption 14 | . . . . 1 1 1 5 5 5 5 14 11 11 11 11 . 2 7 7 7 7 7 11 . 2 . 2 2 1 Average Corruption 4 | . . . . 1 1 1 2 5 5 4 13 6 11 11 11 . 2 5 7 7 7 6 7 . 1 . 1 2 1 Corruption Purged 6 | . . . . . . . . . . 5 . . . . . . . . . . . 1 . . . . . . . Corruption Blocked . | . . . . . . . . . . . . . . . . . . . . . . . . . . . . . . Effects 247 | . . . . 6 13 2 24 34 11 8 . 31 15 16 1 . 6 1 26 17 10 1 7 . 5 . 1 11 1 Message Errors 58 | . . . . 2 5 1 7 6 1 1 . 9 2 7 . . 1 . 6 4 . . 2 . . . . 4 . Matter Fused 60 | . . . . 2 3 . 3 9 1 1 . 4 5 5 . . 3 . 7 3 5 1 2 . 4 . . 2 . Heat Flow Errors 31 | . . . . . 2 . 3 5 . 1 . 4 2 . . . 1 . 3 4 3 . . . 1 . . 2 . Energy Discharges 24 | . . . . . 1 . 6 5 3 . . 1 1 1 . . . . 2 . . . 1 . . . 1 1 1 Parts Rejected 6 | . . . . . . . . . . . . . 1 . . . . . 2 . . . 2 . . . . 1 . Parts Fused 2 | . . . . . . . . . . 1 . . . . . . . . 1 . . . . . . . . . . Data Loss (minor) 30 | . . . . 1 . . 2 5 4 1 . 4 1 1 . . . 1 3 5 1 . . . . . . 1 . Data Loss (major) 9 | . . . . . 1 1 1 2 . . . 1 1 . 1 . . . . 1 . . . . . . . . . Misfires 13 | . . . . 1 . . 1 2 2 3 . 2 . . . . 1 . 1 . . . . . . . . . . Alerts 4 | . . . . . . . 1 . . . . 1 1 . . . . . . . 1 . . . . . . . . Misdirections 3 | . . . . . . . . . . . . . 1 2 . . . . . . . . . . . . . . . Weapon Failures 7 | . . . . . 1 . . . . . . 5 . . . . . . 1 . . . . . . . . . . Overload Shots 18 | . . . . . . . 11 2 1 . 2 2 . . . . . . . . . . . . . . . . . Overflow Damage 5325 | . . . 33 11 . . 314 . . 194 9 172 89 90 . 155 356 . 490 216 92 229 209 296 598 461 463 343 505 Projectiles 510 | . . . 1 11 . . 113 . . 36 9 116 . . . 32 . . . 9 . . . . . . . . 183 Explosions 745 | . . . 32 . . . 77 . . . . 56 . . . 123 128 . 28 . . . 209 . . . . . 92 Melee 4070 | . . . . . . . 124 . . 158 . . 89 90 . . 228 . 462 207 92 229 . 296 598 461 463 343 230 Knockbacks 26 | . . . . . . . . . . . . 25 . . . . . . . . . . . . 1 . . . . Impact . | . . . . . . . . . . . . . . . . . . . . . . . . . . . . . . Kinetic 25 | . . . . . . . . . . . . 24 . . . . . . . . . . . . 1 . . . . Secondary 1 | . . . . . . . . . . . . 1 . . . . . . . . . . . . . . . . . Self-Inflicted Damage 500 | . . . 65 32 . . 66 . . . . 221 15 . . . 8 . 58 . . . 35 . . . . . . Shots 14 | . . . 1 2 . . 1 . . . . 6 1 . . . 1 . 1 . . . 1 . . . . . . Rammed 1 | . . . . . 1 . . . . . . . . . . . . . . . . . . . . . . . . Targets Rammed 1 | . . . . . 1 . . . . . . . . . . . . . . . . . . . . . . . . Kicked . | . . . . . . . . . . . . . . . . . . . . . . . . . . . . . . Crushed . | . . . . . . . . . . . . . . . . . . . . . . . . . . . . . . Highest Temperature 462 | . 171 84 150 266 228 . 462 188 . 81 93 462 111 . 152 42 279 122 246 202 246 . 68 226 150 236 28 274 163 Average Temperature 70 | . 47 33 37 69 75 . 98 71 . 56 25 105 58 . 45 13 89 54 72 107 131 . 33 62 82 33 7 23 14 Received Heat Transfer 3958 | . 261 6 72 54 36 . 786 535 18 9 171 1549 126 18 18 . 39 . . . . . 105 . 33 54 . 27 41 Effects 10 | . . . . 1 . . 4 . . . . 2 . . . . . . . . 3 . . . . . . . . Shutdowns 3 | . . . . . . . 1 . . . . 2 . . . . . . . . . . . . . . . . . Energy Bleed 2 | . . . . 1 . . 1 . . . . . . . . . . . . . . . . . . . . . . Interference 4 | . . . . . . . 1 . . . . . . . . . . . . . 3 . . . . . . . . Short Circuit 1 | . . . . . . . 1 . . . . . . . . . . . . . . . . . . . . . . Siege Activations 10 | . . . . . . . . . . . 2 8 . . . . . . . . . . . . . . . . . Total Turns 144 | . . . . . . . . . . . 10 134 . . . . . . . . . . . . . . . . . Longest Duration 27 | . . . . . . . . . . . 9 27 . . . . . . . . . . . . . . . . . Robots Corrupted . | . . . . . . . . . . . . . . . . . . . . . . . . . . . . . . Combat Hostiles . | . . . . . . . . . . . . . . . . . . . . . . . . . . . . . . Parts Fried 1 | . . . . 1 . . . . . . . . . . . . . . . . . . . . . . . . . Impact Corruptions . | . . . . . . . . . . . . . . . . . . . . . . . . . . . . . . Robots Melted 11 | . . . . 1 . . 5 3 1 . 1 . . . . . . . . . . . . . . . . . . Combat Hostiles 9 | . . . . 1 . . 4 2 1 . 1 . . . . . . . . . . . . . . . . . . Parts Melted 59 | . 1 . 1 4 3 . 28 16 1 . 1 3 . . . . 1 . . . . . . . . . . . . Heat Transferred 25307 | . 740 . 877 2463 222 . 9751 4902 1223 300 1410 1819 . . 100 . 600 . . . . . . . . . . . 900 Parts Sabotaged 6 | . . . . . . . . . . . . 6 . . . . . . . . . . . . . . . . . Parts Stolen . | . . . . . . . . . . . . . . . . . . . . . . . . . . . . . . Parts Stripped . | . . . . . . . . . . . . . . . . . . . . . . . . . . . . . . Power Chain Reactions 7 | . . . 2 4 . . . . . . . 1 . . . . . . . . . . . . . . . . . Alert | -11 -10 -10 -9 -9 -9 -9 -6 -6 -6 -6 -6 -5 -5 -5 -5 -4 -4 -4 -4 -4 -4 -4 -3 -3 -3 -2 -2 -2 -1 ------- Run | Yrd Mat Min Mat Sto Rec Scr Fac Ext Cet Arc Hub Fac Upp Upp War Pro Fac Was Fac Upp Upp Zhi Pro Res Qua Res Tes Sec Acc Peak Influence 2950 | 5 460 246 250 513 219 . 1748 2950 1785 799 455 2403 . . . . 1656 594 456 . . . . 806 525 441 627 709 617 Initial 1652 | . 3 148 15 50 171 . . 1100 1652 634 117 212 . . . . 244 579 415 . . . . 678 363 107 188 352 424 Average 561 | 1 316 89 131 274 114 . 472 1661 1658 548 214 933 . . . . 671 588 252 . . . . 645 212 248 324 396 408 Maximum Alert Level 5 | . 2 1 1 2 1 . 5 5 5 3 2 5 . . . . 5 2 2 . . . . 3 2 2 2 3 2 Low Security (%) 25 | 100 12 92 69 39 85 . 26 . . . 49 4 . . . . . . 32 . . . . . 57 45 14 14 . Level 1 29 | . 71 7 30 33 14 . 40 . . 21 44 20 . . . . 45 . 60 . . . . 1 17 41 62 41 52 Level 2 21 | . 16 . . 27 . . 14 . . 53 5 31 . . . . 20 100 7 . . . . 60 25 13 23 42 47 Level 3 5 | . . . . . . . 3 . . 24 . 9 . . . . 11 . . . . . . 37 . . . 1 . Level 4 9 | . . . . . . . 11 63 27 . . 10 . . . . 7 . . . . . . . . . . . . Level 5 7 | . . . . . . . . 36 72 . . 19 . . . . 14 . . . . . . . . . . . . High Security . | . . . . . . . 2 . . . . 4 . . . . . . . . . . . . . . . . . Max Security . | . . . . . . . . . . . . . . . . . . . . . . . . . . . . . . Squads Dispatched 129 | . 4 1 3 5 . . 18 6 . . 5 30 . . . . 14 . 7 . . . 1 14 4 6 7 1 3 Investigation 40 | . 2 1 1 1 . . 3 1 . . 2 3 . . . . 4 . 4 . . . . 12 1 1 2 . 2 Extermination 14 | . . . . . . . 4 . . . . 3 . . . . 1 . 1 . . . . . 1 . 2 1 1 Reinforcement 47 | . 2 . 2 2 . . 7 1 . . 2 13 . . . . 8 . 2 . . . . 2 2 2 2 . . Assault 17 | . . . . 2 . . 3 4 . . 1 5 . . . . . . . . . . 1 . . . 1 . . Garrison 11 | . . . . . . . 1 . . . . 6 . . . . 1 . . . . . . . . 3 . . . Intercept . | . . . . . . . . . . . . . . . . . . . . . . . . . . . . . . Searches Triggered 4 | . . . . . . . . . . . . . . . . . 2 . . . . . . . . 1 . . 1 Construction Impeded 8 | . . . 1 1 . . 1 1 . . . 2 . . . . 2 . . . . . . . . . . . . Haulers Reinforced 6 | . . . . . . . . . . . . 1 . . . . 1 . 1 . . . . 1 . 2 . . . Active Scanning Responses . | . . . . . . . . . . . . . . . . . . . . . . . . . . . . . . Cargo Convoy Interrupts 2 | . . . . . . . 1 . . . . 1 . . . . . . . . . . . . . . . . . Stealth | -11 -10 -10 -9 -9 -9 -9 -6 -6 -6 -6 -6 -5 -5 -5 -5 -4 -4 -4 -4 -4 -4 -4 -3 -3 -3 -2 -2 -2 -1 --------- Run | Yrd Mat Min Mat Sto Rec Scr Fac Ext Cet Arc Hub Fac Upp Upp War Pro Fac Was Fac Upp Upp Zhi Pro Res Qua Res Tes Sec Acc Distress Signals 35 | . 2 1 3 . . . 3 1 2 . 3 2 . . . . 7 . 4 . . . 1 . 1 1 . 3 1 Communications Jammed . | . . . . . . . . . . . . . . . . . . . . . . . . . . . . . . Distress Signals . | . . . . . . . . . . . . . . . . . . . . . . . . . . . . . . Times Spotted 797 | . 32 6 30 30 2 . 111 72 11 6 24 124 12 7 48 15 61 6 18 2 . . 40 11 24 17 22 39 27 Peak Tracking Total 25 | . 8 3 5 5 1 . 12 10 5 2 5 16 4 5 13 12 25 6 4 2 . . 19 3 6 8 5 9 10 Tactical Retreats 81 | . 7 . . . . . 3 10 . . . 11 6 3 . 2 12 . 2 2 . . 6 . 1 1 3 8 4 Traps | -11 -10 -10 -9 -9 -9 -9 -6 -6 -6 -6 -6 -5 -5 -5 -5 -4 -4 -4 -4 -4 -4 -4 -3 -3 -3 -2 -2 -2 -1 ------- Run | Yrd Mat Min Mat Sto Rec Scr Fac Ext Cet Arc Hub Fac Upp Upp War Pro Fac Was Fac Upp Upp Zhi Pro Res Qua Res Tes Sec Acc Traps Triggered 27 | . 3 1 1 . . . 3 . . . . 1 . . . . 3 . 1 . . . . 9 1 . . 1 3 Indirectly . | . . . . . . . . . . . . . . . . . . . . . . . . . . . . . . Trap Hack Attempts . | . . . . . . . . . . . . . . . . . . . . . . . . . . . . . . Triggered . | . . . . . . . . . . . . . . . . . . . . . . . . . . . . . . Disarmed . | . . . . . . . . . . . . . . . . . . . . . . . . . . . . . . Reprogrammed . | . . . . . . . . . . . . . . . . . . . . . . . . . . . . . . Reused . | . . . . . . . . . . . . . . . . . . . . . . . . . . . . . . Traps Extracted . | . . . . . . . . . . . . . . . . . . . . . . . . . . . . . . Installed . | . . . . . . . . . . . . . . . . . . . . . . . . . . . . . . Triggered 8 | . . . . . . . . . . . . . . 1 7 . . . . . . . . . . . . . . Most Traps Carried 3 | . . . . . . 3 3 3 3 3 3 3 3 3 3 3 3 3 3 3 3 3 3 3 3 3 3 3 3 Objects Rigged 10 | . . . . . . . . . . . . . . . . . 10 . . . . . . . . . . . . Exploded 6 | . . . . . . . . . . . . . . . . . 6 . . . . . . . . . . . . Machines | -11 -10 -10 -9 -9 -9 -9 -6 -6 -6 -6 -6 -5 -5 -5 -5 -4 -4 -4 -4 -4 -4 -4 -3 -3 -3 -2 -2 -2 -1 ---------- Run | Yrd Mat Min Mat Sto Rec Scr Fac Ext Cet Arc Hub Fac Upp Upp War Pro Fac Was Fac Upp Upp Zhi Pro Res Qua Res Tes Sec Acc Machines Disabled 105 | . . . 1 5 . . 7 5 1 1 1 25 . . 1 . 34 . . . . . . 3 4 . 8 8 1 Max in Single Turn 9 | . . . 1 1 . . 4 1 1 1 1 3 . . 1 . 9 . . . . . . 1 1 . 1 1 1 Garrison Access 6 | . . . . 1 . . 1 . . . 1 . . . . . . . . . . . . 1 . . 1 . 1 Network Hub 2 | . . . . . . . . . . . 2 . . . . . . . . . . . . . . . . . . Machines Repaired . | . . . . . . . . . . . . . . . . . . . . . . . . . . . . . . Machines Dismantled . | . . . . . . . . . . . . . . . . . . . . . . . . . . . . . . Machines Sabotaged 2 | . . . . . . . . . . . 2 . . . . . . . . . . . . . . . . . . Overloaded Fab Kills 4 | . . . . . . . 3 . . . . . . . . . 1 . . . . . . . . . . . . Hacking | -11 -10 -10 -9 -9 -9 -9 -6 -6 -6 -6 -6 -5 -5 -5 -5 -4 -4 -4 -4 -4 -4 -4 -3 -3 -3 -2 -2 -2 -1 --------- Run | Yrd Mat Min Mat Sto Rec Scr Fac Ext Cet Arc Hub Fac Upp Upp War Pro Fac Was Fac Upp Upp Zhi Pro Res Qua Res Tes Sec Acc Machines Accessed 166 | . 7 3 4 12 6 2 11 6 1 . 7 11 . 1 1 . 13 . 14 . 1 4 . 17 11 2 10 14 8 Terminals 112 | . 6 1 4 11 6 . 5 5 1 . 7 7 . . . . 8 . 8 . . . . 7 8 1 7 13 7 Fabricators 16 | . . . . . . . 3 . . . . 2 . . . . 4 . 3 . . . . 2 . . 2 . . Repair Stations 6 | . . . . . . . . . . . . . . . . . . . 2 . . . . 3 1 . . . . Recycling Units 9 | . 1 . . . . . 2 1 . . . 2 . . . . 1 . 1 . . . . 1 . . . . . Scanalyzers 3 | . . . . . . . . . . . . . . . . . . . . . . . . . 2 . . 1 . Garrison Access 9 | . . . . 1 . . 1 . . . . . . . . . . . . . . . . 4 . 1 1 . 1 Total Hacks 560 | . 20 7 15 24 14 8 33 15 1 . 21 49 . 1 1 . 70 . 61 . 3 17 . 48 43 6 40 39 24 Successful 294 | . 10 5 6 13 9 8 18 2 . . 13 28 . 1 1 . 31 . 31 . 3 17 . 22 21 2 20 24 9 Failed 263 | . 9 2 9 11 4 . 15 13 1 . 8 21 . . . . 39 . 29 . . . . 26 22 4 20 15 15 Catastrophic 45 | . . . 2 2 . . 1 1 . . 2 3 . . . . 10 . 5 . . . . 2 1 1 5 3 7 Database Lockouts 3 | . 1 . . . 1 . . . . . . . . . . . . . 1 . . . . . . . . . . Manual 283 | . 10 5 11 8 8 . 19 3 1 . 12 27 . . . . 43 . 37 . . . . 29 23 1 17 18 11 Terminals 411 | . 18 5 15 22 14 . 18 14 1 . 21 34 . . . . 54 . 42 . . . . 25 37 3 28 38 22 Fabricators 60 | . . . . . . . 10 . . . . 11 . . . . 12 . 11 . . . . 6 . . 10 . . Repair Stations 12 | . . . . . . . . . . . . . . . . . . . 5 . . . . 4 3 . . . . Recycling Units 18 | . 2 . . . . . 3 1 . . . 4 . . . . 4 . 3 . . . . 1 . . . . . Scanalyzers 4 | . . . . . . . . . . . . . . . . . . . . . . . . . 3 . . 1 . Garrison Access 23 | . . . . 2 . . 2 . . . . . . . . . . . . . . . . 12 . 3 2 . 2 Terminal Hacks 175 | . 7 5 4 10 7 8 7 1 . . 9 16 . 1 1 . 11 . 17 . 3 17 . 9 13 1 9 14 5 Record 8 | . . . . . . . . . . . . . . . . . . . . . 3 5 . . . . . . . Part Schematic 10 | . . . . 1 . . . . . . . 1 . . . . 2 . . . . 4 . . 1 . 1 . . Robot Analysis 21 | . 1 2 . . 1 7 . . . . . 2 . . . . . . 3 . . 4 . . 1 . . . . Prototype ID Bank 20 | . 2 1 1 . 4 . . . . . 1 1 . . . . 1 . 2 . . 4 . 1 2 . . . . Open Door 16 | . . 2 . 5 . . . 1 . . . . . 1 1 . . . . . . . . . . . . 5 1 Level Access Points 6 | . . . . . . . 1 . . . 1 1 . . . . . . . . . . . . 1 . . 1 1 Branch Access Points 9 | . 1 . 1 . . . 1 . . . . 1 . . . . 1 . 1 . . . . 1 . 1 . . 1 Emergency Access Points 1 | . . . . . . . . . . . . . . . . . . . . . . . . 1 . . . . . Machine Index 4 | . . . . . . . . . . . . 1 . . . . . . . . . . . 1 . . 1 1 . Terminal Index 9 | . . . . 1 1 . 1 . . . 1 . . . . . 1 . 1 . . . . 1 1 . 1 . . Alert Level 14 | . . . 1 . . . 1 . . . 1 2 . . . . 1 . 2 . . . . 1 1 . 2 2 . Unreport Threat 26 | . . . . 2 . . 2 . . . 2 4 . . . . 2 . 3 . . . . 2 3 . 1 4 1 Locate Traps 6 | . 1 . . 1 . . . . . . 1 . . . . . . . 1 . . . . . . . 1 1 . Maintenance Status 1 | . . . . . . . . . . . . 1 . . . . . . . . . . . . . . . . . Patrol Status 4 | . . . . . . . . . . . . 1 . . . . 1 . 2 . . . . . . . . . . Reinforcement Status 1 | . . . . . . . . . . . . . . . . . . . . . . . . . 1 . . . . Recall Reinforcements 2 | . . . . . . . . . . . 1 . . . . . . . . . . . . . 1 . . . . Hauler Manifests 6 | . . . . . . . 1 . . . . 1 . . . . 1 . 1 . . . . 1 1 . . . . Zone Layout 8 | . 2 . 1 . 1 . . . . . 1 . . . . . 1 . 1 . . . . . . . . . 1 Derelict Proto ID Bank 1 | . . . . . . 1 . . . . . . . . . . . . . . . . . . . . . . . Protovariant Controls 2 | . . . . . . . . . . . . . . . . . . . . . . . . . . . 2 . . Fabricator Hacks 18 | . . . . . . . 1 . . . . 2 . . . . 4 . 5 . . . . 2 . . 4 . . Network Status 5 | . . . . . . . 1 . . . . 1 . . . . 2 . 1 . . . . . . . . . . Load Schematic 7 | . . . . . . . . . . . . . . . . . 1 . 2 . . . . 1 . . 3 . . Build 6 | . . . . . . . . . . . . 1 . . . . 1 . 2 . . . . 1 . . 1 . . Repair Station Hacks . | . . . . . . . . . . . . . . . . . . . . . . . . . . . . . . Recycling Unit Hacks . | . . . . . . . . . . . . . . . . . . . . . . . . . . . . . . Scanalyzer 2 | . . . . . . . . . . . . . . . . . . . . . . . . . 1 . . 1 . Insert Component 2 | . . . . . . . . . . . . . . . . . . . . . . . . . 1 . . 1 . Garrison Access Hacks 4 | . . . . 1 . . 1 . . . . . . . . . . . . . . . . . . . 1 . 1 Seal Access 4 | . . . . 1 . . 1 . . . . . . . . . . . . . . . . . . . 1 . 1 Unauthorized Hacks 95 | . 3 . 2 2 2 . 9 1 . . 4 10 . . . . 16 . 9 . . . . 11 7 1 6 9 3 Terminals 54 | . 2 . 2 2 2 . 2 . . . 4 2 . . . . 8 . 4 . . . . 2 6 1 5 9 3 Track 7 | . . . . . . . . . . . . . . . . . 1 . 2 . . . . . 1 . 1 2 . Assimilate 6 | . . . . . . . . . . . . . . . . . 1 . . . . . . . 3 . 1 1 . Botnet 36 | . 2 . 2 2 2 . 2 . . . 2 2 . . . . 4 . 2 . . . . 2 2 1 3 5 3 Detonate 1 | . . . . . . . . . . . . . . . . . 1 . . . . . . . . . . . . Disrupt 1 | . . . . . . . . . . . . . . . . . . . . . . . . . . . . 1 . Operators 1 | . . . . . . . . . . . . . . . . . 1 . . . . . . . . . . . . Sabotage 2 | . . . . . . . . . . . 2 . . . . . . . . . . . . . . . . . . Fabricators 23 | . . . . . . . 5 . . . . 6 . . . . 7 . 2 . . . . 2 . . 1 . . Report 5 | . . . . . . . 2 . . . . 2 . . . . 1 . . . . . . . . . . . . Prioritize 4 | . . . . . . . . . . . . 1 . . . . 1 . 1 . . . . 1 . . . . . Liberate 6 | . . . . . . . 2 . . . . 2 . . . . 2 . . . . . . . . . . . . Haulers 2 | . . . . . . . . . . . . 1 . . . . 1 . . . . . . . . . . . . Overload 2 | . . . . . . . 1 . . . . . . . . . 1 . . . . . . . . . . . . Recompile 4 | . . . . . . . . . . . . . . . . . 1 . 1 . . . . 1 . . 1 . . Repair Stations 14 | . . . . . . . 2 1 . . . 2 . . . . 1 . 3 . . . . 4 1 . . . . Patch 6 | . . . . . . . . . . . . . . . . . . . 2 . . . . 3 1 . . . . Recycling Units 1 | . 1 . . . . . . . . . . . . . . . . . . . . . . . . . . . . Tunnel 1 | . 1 . . . . . . . . . . . . . . . . . . . . . . . . . . . . Scrapoids 8 | . . . . . . . 2 1 . . . 2 . . . . 1 . 1 . . . . 1 . . . . . Scanalyzers . | . . . . . . . . . . . . . . . . . . . . . . . . . . . . . . Garrison Access 3 | . . . . . . . . . . . . . . . . . . . . . . . . 3 . . . . . Broadcast 1 | . . . . . . . . . . . . . . . . . . . . . . . . 1 . . . . . Reprogram 2 | . . . . . . . . . . . . . . . . . . . . . . . . 2 . . . . . Data Cores Recovered 9 | . . . 1 . . . . . . . . 1 . . . . 1 . 1 . . . . . 1 . 1 1 2 Used 3 | . . . . . . . . . . . . 1 . . . . 1 . . . . . . . 1 . . . . Hacking Detections 114 | . 5 1 4 7 3 . 10 4 . . 6 8 . . . . 10 . 11 . . . . 10 9 2 8 10 6 Full Trace Events 4 | . . . . . . . . . . . . . . . . . 1 . . . . . . 1 . 1 1 . . Feedback Events 1 | . . . . . . . . . . . . . . . . . . . . . . . . . . . 1 . . Corruption 1 | . . . . . . . . . . . . . . . . . . . . . . . . . . . 1 . . Feedback Blocked . | . . . . . . . . . . . . . . . . . . . . . . . . . . . . . . Robot Schematics Acquired 5 | . . . . . . . . . . . . . . . . . . . . . . . . . 1 . 3 1 . Robots Built 2 | . . . . . . . . . . . . . . . . . 2 . . . . . . . . . . . . Authchips . | . . . . . . . . . . . . . . . . . . . . . . . . . . . . . . Time 187 | . . . . . . . . . . . . . . . . . 187 . . . . . . . . . . . . Total Robot Build Rating 14 | . . . . . . . . . . . . . . . . . 14 . . . . . . . . . . . . Part Schematics Acquired 19 | . . . . 1 . . . . . . . 1 . . . . 2 . . . . 4 . . 5 . 5 1 . Parts Built 9 | . . . . . . . . . . . . 2 . . . . . . 4 . . . . 2 . . 1 . . Authchips 4 | . . . . . . . . . . . . . . . . . . . 2 . . . . 1 . . 1 . . Time 339 | . . . . . . . . . . . . 128 . . . . . . 103 . . . . 34 . . 74 . . Total Part Build Rating 79 | . . . . . . . . . . . . 16 . . . . . . 36 . . . . 18 . . 9 . . Parts Repaired . | . . . . . . . . . . . . . . . . . . . . . . . . . . . . . . Time . | . . . . . . . . . . . . . . . . . . . . . . . . . . . . . . Parts Recycled . | . . . . . . . . . . . . . . . . . . . . . . . . . . . . . . Recycled Matter . | . . . . . . . . . . . . . . . . . . . . . . . . . . . . . . Retrieved Matter . | . . . . . . . . . . . . . . . . . . . . . . . . . . . . . . Retrieved Components . | . . . . . . . . . . . . . . . . . . . . . . . . . . . . . . Parts Scanalyzed . | . . . . . . . . . . . . . . . . . . . . . . . . . . . . . . Part Schematics Acquired . | . . . . . . . . . . . . . . . . . . . . . . . . . . . . . . Parts Damaged . | . . . . . . . . . . . . . . . . . . . . . . . . . . . . . . Bothacking | -11 -10 -10 -9 -9 -9 -9 -6 -6 -6 -6 -6 -5 -5 -5 -5 -4 -4 -4 -4 -4 -4 -4 -3 -3 -3 -2 -2 -2 -1 ------------ Run | Yrd Mat Min Mat Sto Rec Scr Fac Ext Cet Arc Hub Fac Upp Upp War Pro Fac Was Fac Upp Upp Zhi Pro Res Qua Res Tes Sec Acc Used RIF Installer . | . . . . . . . . . . . . . . . . . . . . . . . . . . . . . . Robots Hacked . | . . . . . . . . . . . . . . . . . . . . . . . . . . . . . . Non-combat . | . . . . . . . . . . . . . . . . . . . . . . . . . . . . . . Combat . | . . . . . . . . . . . . . . . . . . . . . . . . . . . . . . Robot Hacks Applied . | . . . . . . . . . . . . . . . . . . . . . . . . . . . . . . Relay Couplers Released 5 | . . . . . . . . . . . 3 . . . . . . . . . . . . 2 . . . . . Machine Destruction 5 | . . . . . . . . . . . 3 . . . . . . . . . . . . 2 . . . . . Fabnet Peak Effective % . | . . . . . . . . . . . . . . . . . . . . . . . . . . . . . . Robots Rewired 30 | . . . . . . . . 24 . . . . . . 5 . . . . . . . . . . . 1 . . Allies Hacked 4 | . . . . . . . . 1 . . . . . . . . . . 2 . . . . . 1 . . . . Hacks Repelled . | . . . . . . . . . . . . . . . . . . . . . . . . . . . . . . Allies | -11 -10 -10 -9 -9 -9 -9 -6 -6 -6 -6 -6 -5 -5 -5 -5 -4 -4 -4 -4 -4 -4 -4 -3 -3 -3 -2 -2 -2 -1 -------- Run | Yrd Mat Min Mat Sto Rec Scr Fac Ext Cet Arc Hub Fac Upp Upp War Pro Fac Was Fac Upp Upp Zhi Pro Res Qua Res Tes Sec Acc Total Allies 121 | . . 1 . 12 . . 20 32 5 . . 10 . . 5 . 10 . 5 . 2 . . 13 3 . 2 1 . Largest Group 17 | . . 1 . 10 5 5 9 17 7 4 2 5 . . 5 2 7 . 5 . 2 . . 13 6 1 1 1 . Highest-Rated Group 699 | . . 31 . 126 94 94 320 497 669 381 192 235 . . 231 90 333 . 238 . 76 . . 699 299 26 160 26 . Highest-Rated Ally 160 | . . 31 . 31 31 31 47 159 159 150 96 96 . . 49 49 56 . 52 . 38 . . 67 64 26 160 26 . Total Orders 13 | . . . . . . . . . . 2 2 . . . 6 . . . . . . . . . 1 . 2 . . STAY 5 | . . . . . . . . . . 1 1 . . . 2 . . . . . . . . . . . 1 . . ROAM 1 | . . . . . . . . . . . . . . . . . . . . . . . . . 1 . . . . FOLLOW 7 | . . . . . . . . . . 1 1 . . . 4 . . . . . . . . . . . 1 . . Ally Attacks 1165 | . . 1 . 62 8 . 316 286 49 14 51 94 . . 52 5 70 . 58 . 10 . . 68 18 . 3 . . Total Damage 26245 | . . . . 617 129 . 5774 5027 1338 507 1923 3075 . . 1511 84 1921 . 1125 . 346 . . 1939 632 . 297 . . Kills 184 | . . . . 8 1 . 47 44 8 2 12 23 . . 12 . 8 . 7 . 4 . . 6 2 . . . . Allies Corrupted 6 | . . . . . . . . 2 . . . . . . 2 . . . . . . . . . 1 . 1 . . Allies Melted 2 | . . . . . . . . 1 . . . . . . . . . . . . . . . 1 . . . . . Intel | -11 -10 -10 -9 -9 -9 -9 -6 -6 -6 -6 -6 -5 -5 -5 -5 -4 -4 -4 -4 -4 -4 -4 -3 -3 -3 -2 -2 -2 -1 ------- Run | Yrd Mat Min Mat Sto Rec Scr Fac Ext Cet Arc Hub Fac Upp Upp War Pro Fac Was Fac Upp Upp Zhi Pro Res Qua Res Tes Sec Acc Robot Analysis Total 21 | . 1 2 . . 1 7 . . . . . 2 . . . . . . 3 . . 4 . . 1 . . . . Derelict Logs Recovered 6 | . . 1 . . . . . . . . . . 1 1 . 1 . . . 1 1 . . . . . . . . Drone Launches . | . . . . . . . . . . . . . . . . . . . . . . . . . . . . . . Drone Recoveries . | . . . . . . . . . . . . . . . . . . . . . . . . . . . . . . Exploration | -11 -10 -10 -9 -9 -9 -9 -6 -6 -6 -6 -6 -5 -5 -5 -5 -4 -4 -4 -4 -4 -4 -4 -3 -3 -3 -2 -2 -2 -1 ------------- Run | Yrd Mat Min Mat Sto Rec Scr Fac Ext Cet Arc Hub Fac Upp Upp War Pro Fac Was Fac Upp Upp Zhi Pro Res Qua Res Tes Sec Acc Turns Passed 25402 | 114 1137 1134 823 1374 811 2416 2711 1686 547 1533 579 2112 373 470 878 125 696 46 834 503 328 60 225 951 626 280 791 726 513 Spaces Moved 22517 | 56 530 512 462 693 494 1313 1271 674 182 181 253 779 416 955 1104 290 1338 151 1401 1138 719 145 510 1502 1156 450 1331 1416 1095 Core 60 | 2 . . . . . . . . . 57 . . . . . . . . . . . . . . . . . . 1 Treads 6494 | 54 530 512 377 693 494 1313 676 674 182 124 253 567 45 . . . . . . . . . . . . . . . . Legs 1 | . . . . . . . . . . . . 1 . . . . . . . . . . . . . . . . . Wheels 891 | . . . 85 . . . 595 . . . . 211 . . . . . . . . . . . . . . . . . Hover 15071 | . . . . . . . . . . . . . 371 955 1104 290 1338 151 1401 1138 719 145 510 1502 1156 450 1331 1416 1094 Flight . | . . . . . . . . . . . . . . . . . . . . . . . . . . . . . . Fastest Speed 16 | 50 160 160 110 160 160 160 110 161 161 162 160 123 38 38 33 16 16 16 28 22 30 30 17 23 25 25 18 18 17 Average Speed 80 | 156 160 160 150 160 160 180 147 164 161 793 161 166 67 45 42 30 30 29 32 29 30 30 29 35 33 33 27 28 29 Slowest Speed 2300 | 160 160 160 160 160 160 240 246 166 162 2300 162 360 246 46 46 33 33 30 107 107 30 30 124 134 34 34 124 29 600 Overloaded Moves 602 | . . . . . . . . . . . . . 82 29 . 66 141 4 3 24 . . 168 1 5 9 16 25 29 Propulsion Burnouts . | . . . . . . . . . . . . . . . . . . . . . . . . . . . . . . Robots Hopped . | . . . . . . . . . . . . . . . . . . . . . . . . . . . . . . Cave-ins Triggered . | . . . . . . . . . . . . . . . . . . . . . . . . . . . . . . Teleports 2 | . . . . . . . . . . . . . . . . . . . . . . . . . 1 . . 1 . Exploration Rate (%) 67 | 4 87 97 51 93 98 92 32 85 67 75 37 33 59 90 88 50 50 99 32 96 94 62 82 49 91 15 96 88 34 Regions Visited 29 Branch Regions 19 Pre-discovered Areas 6 | . 1 1 . . . . . . . . . . . . . 1 . . . . . 3 . . . . . . . Known Exits Taken 16 | . 1 . 1 . . . 1 . . . 1 1 . . . 1 . . 1 1 1 1 1 1 1 1 1 1 . Unknown Exits Taken 11 | 1 . 1 . 1 1 1 . 1 1 1 . . 1 1 1 . . . . . . . . . . . . . . Scrap Searched 22 | . . 1 . . . 7 . . . . . . 3 2 . 2 . . . 1 4 . 2 . . . . . . Spaces Dug 256 | . 3 . 9 3 . . 26 4 . . 3 38 . 1 . . 6 . 19 6 1 . 21 7 17 11 14 52 15 Terrain Destroyed 1173 | . 9 2 37 12 . . 105 29 4 2 6 339 1 1 9 39 173 . 53 26 1 . 150 7 18 11 14 72 53 Melee 97 | . . . . 3 . . . . . . . . . 1 . . 6 . 16 6 1 . 1 7 12 2 14 14 14 Projectile 257 | . . . . . . . 68 21 4 2 6 115 1 . 9 . . . 14 . . . . . 6 9 . . 2 AOE 818 | . 9 2 37 9 . . 37 8 . . . 223 . . . 39 167 . 23 20 . . 149 . . . . 58 37 Terrain Rammed . | . . . . . . . . . . . . . . . . . . . . . . . . . . . . . . Walls Destroyed . | . . . . . . . . . . . . . . . . . . . . . . . . . . . . . . Machines Disabled . | . . . . . . . . . . . . . . . . . . . . . . . . . . . . . . Actions | -11 -10 -10 -9 -9 -9 -9 -6 -6 -6 -6 -6 -5 -5 -5 -5 -4 -4 -4 -4 -4 -4 -4 -3 -3 -3 -2 -2 -2 -1 --------- Run | Yrd Mat Min Mat Sto Rec Scr Fac Ext Cet Arc Hub Fac Upp Upp War Pro Fac Was Fac Upp Upp Zhi Pro Res Qua Res Tes Sec Acc Total 28044 | 75 686 821 549 850 506 1356 1825 1146 408 261 386 1279 497 982 1469 324 1581 152 1691 1278 827 158 572 1850 1322 546 1695 1679 1273 Wait 3287 | 10 45 295 23 78 8 19 259 125 166 61 103 178 49 12 289 28 170 . 189 119 107 3 37 259 91 60 264 143 97 Move 22488 | 55 529 511 461 692 493 1312 1270 673 181 180 252 778 415 954 1103 289 1338 150 1400 1137 718 144 509 1501 1155 449 1330 1415 1094 Hop . | . . . . . . . . . . . . . . . . . . . . . . . . . . . . . . Pick Up 204 | 1 16 3 9 6 . 12 33 15 9 3 2 28 3 3 3 1 13 1 7 . . 2 . 9 7 2 7 7 2 Fast Attach 162 | 7 4 . 5 2 . 1 27 . 8 1 2 18 4 5 12 . 6 . 10 . . 3 3 21 1 3 4 9 6 Attach 135 | . 3 . 2 . . 1 24 10 2 . 2 35 7 1 1 2 5 . 4 2 . . 6 5 2 4 1 12 4 Detach 54 | . 1 . . 1 . 1 10 1 3 . 2 4 2 . 2 1 2 . 3 2 . . 4 1 1 2 . 7 4 Swap 123 | . 6 3 10 10 . 3 17 5 7 3 1 16 . . 1 . 2 . 5 1 . . . 1 12 . 16 3 1 Drop 217 | . 12 4 17 5 . 6 37 10 16 4 5 9 8 4 10 . 8 1 11 . . 4 . 9 8 4 10 9 6 Fire 697 | 2 70 5 22 53 4 . 126 54 16 4 17 213 2 . 32 3 4 . 17 9 . . 12 8 14 1 . 4 5 Melee 404 | . . . . 3 . . 14 . . 5 . . 7 3 16 . 31 . 45 8 2 2 1 34 31 21 57 70 54 Ram . | . . . . . . . . . . . . . . . . . . . . . . . . . . . . . . Kick . | . . . . . . . . . . . . . . . . . . . . . . . . . . . . . . Crush 1 | . . . . . 1 . . . . . . . . . . . . . . . . . . . . . . . . Escape Stasis 12 | . . . . . . . 8 . . . . . . . . . 2 . . . . . . 2 . . . . . Rewire 260 | . . . . . . 1 . 253 . . . . . . . . . . . . . . . . . . 6 . . Trap . | . . . . . . . . . . . . . . . . . . . . . . . . . . . . . . Miscellaneous . | . . . . . . . . . . . . . . . . . . . . . . . . . . . . . . Route ------- -11/Scrapyard -10/Materials (discovered 4 exits: *Mat x3 / *Min) -10/Mines (discovered 2 exits: *Mat x2) -9/Materials (discovered 4 exits: [*Mat] / *Min / *Sto x2) -9/Storage (discovered 2 exits: [*Mat] / *Rec) -9/Recycling (discovered 2 exits: [*Fac] / *Scr) -9/Scraptown (discovered 2 exits: *Fac x2) -6/Factory (discovered 8 exits: *Fac x4 / Low x2 / *Ext x2) -6/Extension (discovered 2 exits: *Fac / *Cet) -6/Cetus (discovered 2 exits: *Fac / [*Arc]) -6/Archives -6/Hub_04(d) (discovered 4 exits: *Fac x4) -5/Factory (discovered 6 exits: *Fac x4 / *Upp x2) -5/Upper Caves -5/Upper Caves -5/Warlord -4/Proximity Caves -4/Factory (discovered 3 exits: Res / *Upp x2) -4/Waste -4/Factory (discovered 2 exits: *Upp x2) -4/Upper Caves -4/Upper Caves (discovered 2 exits: *Res / *Zhi) -4/Zhirov -3/Proximity Caves -3/Research (discovered 3 exits: Arm / *Qua x2) -3/Quarantine -2/Research (discovered 2 exits: *Tes x2) -2/Testing (discovered 2 exits: *Acc / *Sec) -2/Section 7 -1/Access (discovered 2 exits: *Sur / Com) To Epsilon Eridani History --------- Turn | Location | Event 9 | -11/Scrapyard | Discovered new exit (range 16) 115 | -11/Scrapyard | Entered Materials 295 | -10/Materials | Discovered new exit (range 16) 302 | -10/Materials | Build established: Mutant 399 | -10/Materials | Discovered new exit (range 14) 729 | -10/Materials | Central database locked down 974 | -10/Materials | Identified exit to Mines 994 | -10/Materials | Discovered new exit (range 3) 1252 | -10/Materials | Entered Mines 1394 | -10/Mines | Received a Mining Laser from a helpful Derelict 1477 | -10/Mines | Received a Rocket Launcher from a helpful Derelict 1500 | -10/Mines | Build established: Scavenger-Mutant 1580 | -10/Mines | Learned location of Zion (-6) 1669 | -10/Mines | Met a Derelict shopkeep closing up shop 1705 | -10/Mines | Discovered new exit (range 8) 1793 | -10/Mines | Excavation squad dispatched 1793 | -10/Mines | A large section of the Mines collapsed 2231 | -10/Mines | Met a Derelict who couldn't figure out how to use a Trap Extractor 2319 | -10/Mines | Discovered new exit (range 7) 2386 | -10/Mines | Entered Materials 2386 | -9/Materials | Evolved 2 slots: Propulsion x1, Utility x1 2460 | -9/Materials | Discovered new exit (range 16) 2583 | -9/Materials | Discovered new exit (range 8) 2586 | -9/Materials | Met 8R-AWN 2725 | -9/Materials | Discovered new exit (range 4) 2880 | -9/Materials | Identified exit to Mines 2880 | -9/Materials | Identified exit to Storage 3013 | -9/Materials | Discovered new exit (range 16) 3209 | -9/Materials | Entered Storage 3258 | -9/Storage | Build established: Mutant 3743 | -9/Storage | Assisted by bots powering up and referring to "LRC-V3" 4041 | -9/Storage | Build established: Commander-Mutant 4056 | -9/Storage | Met a pair of Derelict thieves 4126 | -9/Storage | Destroyed 7 combat bots 4133 | -9/Storage | Lost 4 allies 4311 | -9/Storage | Discovered new exit (range 14) 4404 | -9/Storage | Build established: Mutant 4562 | -9/Storage | Used back door to open Recycling access 4562 | -9/Storage | Discovered new exit (range 5) 4583 | -9/Storage | Entered Recycling 4583 | -9/Recycling | Accompanied by 5 allies 4915 | -9/Recycling | Discovered new exit (range 16) 5348 | -9/Recycling | Scanned before Scraplab entrance 5370 | -9/Recycling | Entered Scraplab 5383 | -9/Recycling | Discovered new exit (range 3) 5394 | -9/Recycling | Entered Scraptown 5394 | -9/Scraptown | Accompanied by 5 allies 5714 | -9/Scraptown | Discovered new exit (range 5) 5755 | -9/Scraptown | System corruption cleaned by C-Scrubber 5885 | -9/Scraptown | Visited Cave Peace 5900 | -9/Scraptown | Visited SPCMW 5944 | -9/Scraptown | Visited IN-MT5's Study 6047 | -9/Scraptown | Visited Spacefarers 6162 | -9/Scraptown | Visited Assassins FH 6207 | -9/Scraptown | Visited Fellowship of the Rings 6272 | -9/Scraptown | Visited Shadow of the Wyrm 6530 | -9/Scraptown | Visited UFD Registry 6530 | -9/Scraptown | Registered with UFD as "Shorttorch" 6565 | -9/Scraptown | Visited Chapter 10 6604 | -9/Scraptown | Visited A0-MCA Data Center 6615 | -9/Scraptown | Given an A- rating by A0-MCA 6623 | -9/Scraptown | Found A0-MCA's Component Scanner 6672 | -9/Scraptown | Visited Analyses Database 6902 | -9/Scraptown | Visited Science Guys 6969 | -9/Scraptown | Visited Scrapoid Pod Storage 6979 | -9/Scraptown | Found Scrapoid Pod 7019 | -9/Scraptown | Visited Junk Repository 7156 | -9/Scraptown | Discovered new exit (range 5) 7338 | -9/Scraptown | Visited Scrapoid Research Area 7397 | -9/Scraptown | Visited Curators Association 7478 | -9/Scraptown | Visited DA-N13 Charitable Foundation 7490 | -9/Scraptown | Found DCF Scrap (27 items) 7810 | -9/Scraptown | Entered Factory 7810 | -6/Factory | Accompanied by 5 allies 7810 | -6/Factory | Evolved 6 slots: Propulsion x3, Utility x2, Weapon x1 8037 | -6/Factory | Lost 5 allies 8416 | -6/Factory | Scrapoid reinforcements arrived 8482 | -6/Factory | Identified exit to Factory 8716 | -6/Factory | Build established: Scavenger-Gunner 8791 | -6/Factory | Identified exit to Lower Caves 8791 | -6/Factory | Identified exit to Extension 9613 | -6/Factory | Build established: Scavenger-Mutant 9734 | -6/Factory | Scrapoids reinforcements arrived? 9856 | -6/Factory | Cargo convoy interrupted 9876 | -6/Factory | Scrapoid Pod released 06F16-D (x5) 9885 | -6/Factory | Found PL-3XN's Ring of Power 9892 | -6/Factory | Lost 3 allies 9904 | -6/Factory | Lost 3 parts (2n1w) 9910 | -6/Factory | First assault squad dispatched 9930 | -6/Factory | Found Prototype Device 9930 | -6/Factory | Identified Imp. Particle Accelerator 9934 | -6/Factory | Found Imp. Particle Accelerator 10304 | -6/Factory | Build established: Scavenger-Gunner 10441 | -6/Factory | High security lockdown imminent 10465 | -6/Factory | Lost 3 allies 10502 | -6/Factory | Garrison activated, responded to threat 10521 | -6/Factory | High security lockdown engaged 10521 | -6/Factory | Entered Extension 10532 | -6/Extension | Lost 3 allies 10552 | -6/Extension | Lost 3 parts (1p1n1w) 10734 | -6/Extension | Scrapoids reinforcements arrived? 11014 | -6/Extension | Rescued a captive Derelict 11041 | -6/Extension | Build established: Commander-Gunner 11455 | -6/Extension | Spotted B-75 Beast 11460 | -6/Extension | Allies destroyed B-75 Beast 11473 | -6/Extension | Spotted B-75 Beast 11479 | -6/Extension | Allies destroyed B-75 Beast 11571 | -6/Extension | First assault squad dispatched 11685 | -6/Extension | P-60 Hacker assimilated allied 8I-PDT(g) 11713 | -6/Extension | Rescued a captive Derelict 11763 | -6/Extension | Lost 3 allies 11805 | -6/Extension | Lost 3 allies 11814 | -6/Extension | Build established: Commander-Tank 12029 | -6/Extension | Lost 5 allies 12036 | -6/Extension | Rescued A7 12131 | -6/Extension | Disrupted transfer network 12154 | -6/Extension | Discovered exit to Factory (range 10) 12156 | -6/Extension | Discovered new exit (range 6) 12207 | -6/Extension | Entered Cetus 12207 | -6/Cetus | Accompanied by 6 allies (A7) 12212 | -6/Cetus | Acquired a Cetus Manufacturing Module code from A7 12232 | -6/Cetus | Spotted Cetus Guard 12232 | -6/Cetus | Spotted Cetus Guard 12234 | -6/Cetus | Spotted Cetus Guard 12235 | -6/Cetus | Spotted Cetus Guard 12239 | -6/Cetus | Core integrity fell below 50% 12239 | -6/Cetus | Allies destroyed Cetus Guard 12253 | -6/Cetus | Destroyed Cetus Guard 12256 | -6/Cetus | Allies destroyed Cetus Guard 12262 | -6/Cetus | Allies destroyed Cetus Guard 12281 | -6/Cetus | Lost 4 allies 12371 | -6/Cetus | Started Cetus Manufacturing Module 12384 | -6/Cetus | Escorted A7 to Cetus Mainframe 12396 | -6/Cetus | Manufactured an Enhanced Grunt 12421 | -6/Cetus | Manufactured an Enhanced Grunt 12446 | -6/Cetus | Manufactured an Enhanced Grunt 12471 | -6/Cetus | Manufactured an Enhanced Grunt 12496 | -6/Cetus | Manufactured an Enhanced Grunt 12524 | -6/Cetus | Discovered new exit (range 15) 12560 | -6/Cetus | Spotted Cetus Guard 12560 | -6/Cetus | Spotted Cetus Guard 12561 | -6/Cetus | Spotted Cetus Guard 12562 | -6/Cetus | Spotted Cetus Guard 12567 | -6/Cetus | Allies destroyed Cetus Guard 12574 | -6/Cetus | Destroyed Cetus Guard 12575 | -6/Cetus | Allies destroyed Cetus Guard 12580 | -6/Cetus | Build established: Scavenger-Tank 12585 | -6/Cetus | Allies destroyed Cetus Guard 12594 | -6/Cetus | Discovered exit to Factory (range 15) 12602 | -6/Cetus | Met Revision 17 12605 | -6/Cetus | Lost 3 allies 12639 | -6/Cetus | Found Prototype Device 12640 | -6/Cetus | Identified Exp. Thermal Shield 12754 | -6/Cetus | Entered Archives 12754 | -6/Archives | Accompanied by 4 allies (A7) 12759 | -6/Archives | Received a hacking code to weaken MAIN.C 13280 | -6/Archives | Build established: Scavenger-Mutant 14262 | -6/Archives | Discovered new exit (range 13) 14287 | -6/Archives | Entered Hub_04(d) 14287 | -6/Hub_04(d) | Accompanied by 2 allies 14325 | -6/Hub_04(d) | Spotted B-75 Beast 14346 | -6/Hub_04(d) | Destroyed B-75 Beast 14583 | -6/Hub_04(d) | Build established: Scavenger-Tank 14673 | -6/Hub_04(d) | Network Hub disabled 14838 | -6/Hub_04(d) | Network Hub disabled 14861 | -6/Hub_04(d) | Spotted Lightning 14861 | -6/Hub_04(d) | Spotted Lightning 14861 | -6/Hub_04(d) | Spotted Lightning 14865 | -6/Hub_04(d) | System corruption reached 10% 14866 | -6/Hub_04(d) | Entered Factory 14866 | -5/Factory | Accompanied by 2 allies 14866 | -5/Factory | Evolved 2 slots: Power x1, Utility x1 15166 | -5/Factory | First assault squad dispatched 15363 | -5/Factory | Identified exit to Upper Caves 15569 | -5/Factory | Fabricated Adv. Weapon Cycler (x2) 15699 | -5/Factory | Identified exit to Factory 15961 | -5/Factory | Destroyed 7 combat bots 16005 | -5/Factory | Scrapoid reinforcements arrived 16021 | -5/Factory | Cargo convoy interrupted 16059 | -5/Factory | Lost 5 allies 16107 | -5/Factory | Destroyed 8 combat bots 16181 | -5/Factory | Lost 3 parts (1u2w) 16193 | -5/Factory | Scrapoids reinforcements arrived? 16513 | -5/Factory | Lost 4 allies 16568 | -5/Factory | Lost 4 parts (1p2u1w) 16580 | -5/Factory | Destroyed 9 combat bots 16690 | -5/Factory | Garrison activated, responded to threat 16722 | -5/Factory | Lost 3 parts (2n1w) 16893 | -5/Factory | High security lockdown imminent 16898 | -5/Factory | System corruption reached 10% 16962 | -5/Factory | Lost 15 parts (2p6n2u5w) 16970 | -5/Factory | Core integrity fell below 50% 16973 | -5/Factory | High security lockdown engaged 16978 | -5/Factory | Entered Upper Caves 17008 | -5/Upper Caves | Lost 5 parts (1p2n1u1w) 17101 | -5/Upper Caves | Attracted the attention of an 0b10 checkpoint 17113 | -5/Upper Caves | Build established: Scavenger-Mutant 17153 | -5/Upper Caves | Lost 3 parts (1n1u1w) 17198 | -5/Upper Caves | Learned 8 Factory zone layouts 17264 | -5/Upper Caves | Attracted the attention of an 0b10 outpost 17285 | -5/Upper Caves | Discovered new exit (range 13) 17351 | -5/Upper Caves | Entered another Upper Caves area 17352 | -5/Upper Caves | Encountered a Warlord checkpoint 17414 | -5/Upper Caves | Build established: Mutant 17640 | -5/Upper Caves | Learned Factory emergency access door positions 17731 | -5/Upper Caves | Discovered new exit (range 9) 17774 | -5/Upper Caves | Build established: Scavenger-Mutant 17821 | -5/Upper Caves | Entered Warlord 17838 | -5/Warlord | System corruption cleaned by Quarantine Array 18078 | -5/Warlord | Visited the Vortex Lab 18081 | -5/Warlord | Found Vortex Shotgun 18099 | -5/Warlord | Warlord's base attacked by MAIN.C 18113 | -5/Warlord | Found RU-N14's Throwing Claymores v3 18137 | -5/Warlord | Rebuked by Warlord 18193 | -5/Warlord | Found Spectral Analyzer 18199 | -5/Warlord | Found Exp. Phase Shifter 18284 | -5/Warlord | Build established: Commander-Mutant 18420 | -5/Warlord | Warlord forces counterattacked 18423 | -5/Warlord | Spotted Striker 18438 | -5/Warlord | Destroyed 9 combat bots 18451 | -5/Warlord | P-70 Sage assimilated allied M7-EDT(g) 18498 | -5/Warlord | Lost 4 allies 18504 | -5/Warlord | Spotted Striker 18539 | -5/Warlord | Discovered new exit (range 19) 18578 | -5/Warlord | Lost 5 allies 18599 | -5/Warlord | Spotted Executioner 18643 | -5/Warlord | Lost 4 allies 18689 | -5/Warlord | Build established: Scavenger-Sprinter 18699 | -5/Warlord | Spotted Executioner 18699 | -5/Warlord | Spotted Striker 18699 | -5/Warlord | Spotted Striker 18699 | -5/Warlord | Entered Proximity Caves 18699 | -4/Proximity Caves | Accompanied by 2 allies 18774 | -4/Proximity Caves | Attracted the attention of an 0b10 checkpoint 18802 | -4/Proximity Caves | Learned location of Quarantine (-3) 18823 | -4/Proximity Caves | Discovered exit to Factory (range 5) 18824 | -4/Proximity Caves | Spotter reported a threat 18824 | -4/Proximity Caves | Entered Factory 18824 | -4/Factory | Evolved 2 slots: Propulsion x1, Utility x1 18825 | -4/Factory | Identified exit to Research 18887 | -4/Factory | Identified exit to Upper Caves 19020 | -4/Factory | Fabricated H-77 Assassin (x2) 19074 | -4/Factory | Search patrols dispatched 19191 | -4/Factory | Scrapoids reinforcements arrived? 19249 | -4/Factory | Lost 5 allies 19257 | -4/Factory | Build established: Scavenger-Scout 19266 | -4/Factory | Garrison activated, responded to threat 19280 | -4/Factory | Spotted B-86 Titan 19324 | -4/Factory | Search patrols dispatched 19520 | -4/Factory | Manually triggered Chute Trap 19520 | -4/Factory | Sucked down chute 19520 | -4/Factory | Entered Waste 19520 | -4/Waste | Spotted C-40 Crusher 19520 | -4/Waste | Spotted C-40 Crusher 19523 | -4/Waste | Spotted C-40 Crusher 19523 | -4/Waste | Spotted C-40 Crusher 19535 | -4/Waste | EMP discharged 19535 | -4/Waste | Spotted C-40 Crusher 19555 | -4/Waste | Spotted C-40 Crusher 19564 | -4/Waste | Discovered new exit (range 10) 19566 | -4/Waste | Identified exit to Factory 19566 | -4/Waste | Entered Factory 19598 | -4/Factory | Found Exp. Signal Interpreter 19668 | -4/Factory | Fabricated Cmb. Linear Gravjet (x2) 19810 | -4/Factory | Scrapoid reinforcements arrived 19846 | -4/Factory | Central database locked down 20148 | -4/Factory | Build established: Scout 20198 | -4/Factory | Fabricated Cmb. Linear Gravjet (x2) 20259 | -4/Factory | Found Adv. EM Disruption Field 20334 | -4/Factory | Spotted B-86 Titan 20400 | -4/Factory | Entered Upper Caves 20478 | -4/Upper Caves | Attracted the attention of an 0b10 checkpoint 20790 | -4/Upper Caves | Learned Research garrison access intel 20863 | -4/Upper Caves | Discovered new exit (range 6) 20864 | -4/Upper Caves | Identified exit to Upper Caves 20903 | -4/Upper Caves | Entered another Upper Caves area 20910 | -4/Upper Caves | A Commander dispatched an escort 20912 | -4/Upper Caves | Learned Extension emergency access door positions 20912 | -4/Upper Caves | Learned Factory stockpile data 20912 | -4/Upper Caves | Learned Extension garrison access intel 20936 | -4/Upper Caves | Discovered exit to Research (range 19) 21087 | -4/Upper Caves | Discovered new exit (range 16) 21092 | -4/Upper Caves | Identified exit to Zhirov 21093 | -4/Upper Caves | Learned Research terminal intel 21231 | -4/Upper Caves | Entered Zhirov 21231 | -4/Zhirov | Accompanied by 1 ally 21231 | -4/Zhirov | Discovered new exit (range 3) 21232 | -4/Zhirov | Commander's escort returned to base 21232 | -4/Zhirov | Identified exit to Proximity Caves 21237 | -4/Zhirov | Met Zhirov 21245 | -4/Zhirov | Learned location of Testing (-2) 21245 | -4/Zhirov | Learned location of Command (-1) 21247 | -4/Zhirov | Zhirov requested help retrieving the SGEMP Prototype 21252 | -4/Zhirov | Found Alien Artifact 21252 | -4/Zhirov | Identified Integrated Dissipator 21252 | -4/Zhirov | Installed Integrated Dissipator, increased core heat dissipation (+20) 21259 | -4/Zhirov | Found Alien Artifact 21291 | -4/Zhirov | Entered Proximity Caves 21407 | -3/Proximity Caves | Attracted the attention of an 0b10 checkpoint 21434 | -3/Proximity Caves | Attracted the attention of an 0b10 outpost 21468 | -3/Proximity Caves | Destroyed 10 combat bots 21479 | -3/Proximity Caves | Spotter reported a threat 21479 | -3/Proximity Caves | Spotter reported a threat 21492 | -3/Proximity Caves | System corruption reached 10% 21515 | -3/Proximity Caves | Discovered exit to Research (range 5) 21516 | -3/Proximity Caves | Lost 4 parts (1p2n1u) 21516 | -3/Proximity Caves | Entered Research 21516 | -3/Research | Evolved 2 slots: Propulsion x1, Utility x1 21517 | -3/Research | Loaded intel: 24 terminal locations 21518 | -3/Research | Loaded intel: 4 garrison access locations 21716 | -3/Research | Revision forces began assault on 0b10 21859 | -3/Research | Met up with Revision 17++ 21914 | -3/Research | Build established: Machinist-Scout 21994 | -3/Research | Identified exit to Armory 21994 | -3/Research | Identified exit to Quarantine 22216 | -3/Research | Research terminal network offline 22271 | -3/Research | Scrapoid reinforcements arrived 22286 | -3/Research | Spotted B-90 Cyclops 22351 | -3/Research | Lost 7 allies 22391 | -3/Research | Fabricated Cmb. Linear Gravjet (x2) 22467 | -3/Research | Entered Quarantine 22467 | -3/Quarantine | Accompanied by 7 allies 22468 | -3/Quarantine | P-80 Master assimilated allied G-67 Veteran 22510 | -3/Quarantine | Found Alien Artifact 22514 | -3/Quarantine | Identified Transdimensional Reconstructor (x2) 22514 | -3/Quarantine | Warped through subspace 22523 | -3/Quarantine | Found Alien Artifact 22530 | -3/Quarantine | Lost 6 allies 22541 | -3/Quarantine | Found Alien Slashing Weapon 22541 | -3/Quarantine | Identified Sigix Broadsword 22558 | -3/Quarantine | Identified Subatomic Replicator 22628 | -3/Quarantine | Found Alien Energy Cannon 22729 | -3/Quarantine | Identified exit to Research 22850 | -3/Quarantine | Found Transdimensional Reconstructor 22857 | -3/Quarantine | Found Alien Artifact 22860 | -3/Quarantine | Found Alien Artifact 23093 | -3/Quarantine | Entered Research 23093 | -2/Research | Accompanied by 1 ally 23093 | -2/Research | Evolved 2 slots: Utility x2 23094 | -2/Research | Identified Core Cannon 23164 | -2/Research | Garrison activated, responded to threat 23219 | -2/Research | Identified exit to Testing 23343 | -2/Research | Search patrols dispatched 23373 | -2/Research | Entered Testing 23451 | -2/Testing | Found Imp. Potential Cannon 23492 | -2/Testing | Found Point Singularity Launcher 23499 | -2/Testing | Discovered new exit (range 3) 23500 | -2/Testing | Identified exit to Access 23553 | -2/Testing | Found Exp. Hardlight Generator 23566 | -2/Testing | Spotted PX-QMI5V8VC0Y 23573 | -2/Testing | Rewired PX-QMI5V8VC0Y 23618 | -2/Testing | Spotted Fortress 23765 | -2/Testing | Spotted Striker 23807 | -2/Testing | Spotted Striker 23912 | -2/Testing | Fabricated Femtoactuators (x1) 24084 | -2/Testing | Protovariant out of control (PX-1DWDN1WX1T) 24084 | -2/Testing | Unleashed a protovariant (PX-1DWDN1WX1T) 24134 | -2/Testing | Discovered new exit (range 20) 24140 | -2/Testing | Identified exit to Section 7 24164 | -2/Testing | Entered Section 7 24272 | -2/Section 7 | Spotted B-90 Cyclops 24309 | -2/Section 7 | Found Alien Artifact 24320 | -2/Section 7 | Identified Integrated Mediator 24321 | -2/Section 7 | Installed Integrated Mediator, increased core attachment efficiency 24478 | -2/Section 7 | Found Alien Artifact 24478 | -2/Section 7 | Identified Integrity Redistributor 24478 | -2/Section 7 | Used Integrity Redistributor, redistributed integrity from core (-126) 24578 | -2/Section 7 | Identified Dimensional Node Initializer 24578 | -2/Section 7 | Initialized slip node 24626 | -2/Section 7 | Found Integrity Redistributor 24692 | -2/Section 7 | Found Singularity Reactor 24698 | -2/Section 7 | Spotted Alpha 7 24733 | -2/Section 7 | Spotted Executioner 24733 | -2/Section 7 | Spotted Executioner 24742 | -2/Section 7 | Spotted B-99 Colossus 24773 | -2/Section 7 | Found Alien Artifact 24773 | -2/Section 7 | Identified LRC Inertial Stabilizer 24773 | -2/Section 7 | Installed LRC Inertial Stabilizer, increased mass support (+10) 24775 | -2/Section 7 | Found Alien Artifact 24775 | -2/Section 7 | Identified LRC Insulator 24775 | -2/Section 7 | Installed LRC Insulator, gained EM resistance (25) 24818 | -2/Section 7 | Found Transdimensional Reconstructor 24855 | -2/Section 7 | Spotted Striker 24855 | -2/Section 7 | Spotted Striker 24861 | -2/Section 7 | Found Alien Energy Gun 24861 | -2/Section 7 | Identified Sigix Sheargun 24872 | -2/Section 7 | Warped through subspace to slip node 24890 | -2/Section 7 | Entered Access 24890 | -1/Access | Evolved 2 slots: Power x1, Utility x1 25303 | -1/Access | Identified exit to Command 25303 | -1/Access | Identified exit to Surface 25390 | -1/Access | Search patrols dispatched 25403 | *** | Escaped! Last Messages --------------- 25391_ Destroyed Adv. Heat Sink. 25391_ P-80 Master destroyed. 25391_ Destroyed Gamma Rifle. 25391_ Destroyed Adv. Heat Sink. 25391_ Terminal disabled. 25391_ Destroyed Lgt. Quantum Reactor. 25391_ H-88 Terminator destroyed. 25391_ Destroyed Adv. Phase Shifter. 25393_ Penetrated by Slug. 25394_ Slug penetrates Terminal. 25396_ Penetrated by Slug. 25399_ Slug penetrates H-88 Terminator. 25399_ Penetrated by Slug. 25401_ Critical hit (Destroy). 25401_ Penetrated by Slug. 25401_ Critical hit (Destroy). 25401_ Cld. Linear Gravjet destroyed. 25401_ H-88 Terminator destroyed. 25402_ Penetrated by Slug. 25402_ Slug penetrates Sealed Heavy Doors. Map ----- +----------------------------------------------------+ | ##???????#???? ??????????????????????????? | | ########"##???????? ? ? ?????? ??????????????????? | | ?########"##???? ? ??? ? ? ? ??????????????????? | | ?# ######+# ???????????????? | | ?# " ???????????????? | | ## # ] ???????????????? | | ## # ###+######+#####??#??#??????????????? | | ## + #?????????? ? ?????????#??????????? | | ## # # ???? ??????? ??????? ?????????????? | | ?# # #???? ?? ? ????? ? ?????????????????? | | ?# # # ??"?? ??? ??????????????????????? | | ?# # #???""???#???? ?? ???? ?????????????? | | ########### #????"? ???? ?? ??? ??????#??? ???? | | ?????#??### #?? ?????? ? ??? ??????????????????? | | #?????????# #?????? ??? ??? ????????????????????? | | ?#?#?#?#?## #?? ?????????????T????? ????????????? | | ????#?##?## #?#???#??????"?????????????? ???????? | | ???#?#?###; ;#??????#?????????#?????????????????? | | ###?#???# ; ; ######?#??#????????????#?????????? | | ?###????# ; [ ;;;; ##########???#???????? ?????? | | #?##?#??# [h%[ "???? ?????????????? | | ##?#??#?# h[ "?????????????? ???? | | ??##?#### "??????????????????? | | ?##?##??## p "??????????????????? | | ?##?????# ** ""??? ????????????? | | ??###?## ; @" "????? ??? ????????? | | ?????#?# "?"?? ?????????????? | | ??????## ; "???????? ?????????? | | ?#?????## ; g "??????????????????? | | #?#?????# ; "??? ??????????????? | | ????????### ####### ###########?????????????????? | | ??#??????## #?????###???#???????????????????????? | | ??????????# #?????????#?????????#???????????????? | | ??? ????? # #????????????#????????????? ????????? | | ?? ???????# #??#??????????#?????????????????????? | | ??????????+ ???????????????????????????? ???????? | | ???"??????# ?????????##????????????? ???????????? | | ?????? ???# ????? ??????????????????????????????? | | ??????????# ????????? ??????????????????????????? | | ??????????###?#??# ????#?????????????????? ?????? | | ?????? ????????????????? ????????????????????????? | | ?????? ??????????????????? ???????????? ?????????? | | ??????????????????????? ???? #???????????????????? | | ????????????????????#????????????????????????????? | | ?????????????? ??????????????????#??#????????????? | | ??????????????????????????????? ?????????????????? | | ?????????????????#???????????????????????????????? | | ?????????????????????????????????????????????????? | | ?????????????????????????????????????????????????? | | ?????????????????????????????????????????????????? | +----------------------------------------------------+ Best States ------------- Heat Dissipation 82 Coolant Potential 100 Energy Generation 75 Energy Capacity 1100 Matter Stores 300 Matter Capacity 600 Sight Range 24 Robot Scan Range 19 Terrain Scan Range 24 Terrain Scan Density 210 Armor Coverage 900 Resistance: EM 75 Core Shielding 20 Weapon Cycling 25 Melee Speed Boost 50 Phase Shifting 20 Evasion (%) 81 Targeting Accuracy 8 Recoil Reduction 6 Particle Charging 40 Offensive Hacking 28 Defensive Hacking 12 Authchip Count 1 Trap Extractor Capacity 6 Item Schematics ----------------- Reactive Plating | -9/Storage | Hacked Hyb. Antimatter Reactor | -5/Factory | Hacked Cmb. Antigrav System | -4/Factory | Hacked Cmb. Linear Gravjet | -4/Factory | Hacked Assault Drone Bay | -4/Zhirov | Free Exp. Heat Sink | -4/Zhirov | Free Exp. Optical Array | -4/Zhirov | Free Imp. Arc Thrower | -4/Zhirov | Free Adv. Melee Analysis Suite | -3/Quarantine | Hacked Exp. Signal Interpreter | -3/Quarantine | Archive Exp. Thermal Shield | -3/Quarantine | Archive Hvy. Dispersion Rifle | -3/Quarantine | Archive Thermal Defense Suite | -3/Quarantine | Archive Femtoactuators | -2/Testing | Hacked Imp. Q-thruster | -2/Testing | Archive Enh. Biometal Leg | -2/Testing | Archive Imp. Diametric Drive | -2/Testing | Archive Exp. Transmission Jammer | -2/Testing | Archive Imp. Energy Mantle | -2/Section 7 | Archive Robot Schematics ------------------ B-74 Champion | -3/Quarantine | Archive A-02 Transporter | -2/Testing | Archive A-27 Freighter | -2/Testing | Archive R-10 Processor | -2/Testing | Archive K-01 Serf | -2/Section 7 | Archive Fabricated ------------ Adv. Weapon Cycler | x2 | -5/Factory | Preloaded H-77 Assassin | x2 | -4/Factory | Preloaded Cmb. Linear Gravjet | x2 | -4/Factory | Authchip Cmb. Linear Gravjet | x2 | -4/Factory | Authchip Cmb. Linear Gravjet | x2 | -3/Research | Authchip Femtoactuators | x1 | -2/Testing | Authchip Alien Tech Used ----------------- Integrated Dissipator Transdimensional Reconstructor Sigix Broadsword Core Cannon Integrated Mediator Integrity Redistributor Dimensional Node Initializer LRC Inertial Stabilizer LRC Insulator Sigix Sheargun Achievements -------------- None Challenges ------------ None Game ------ Seed FissionParticleJammer Manual? 0 Play Time 06:25:49 Cumulative 402.4 hours Start 2025.03.20 @ 20:55:53 End 2025.03.24 @ 22:10:31 Sessions 9 Manual Loads 0 Difficulty Rogue Special Mode None Game No. 91 Rogue 91 Adventurer 0 Explorer 0 Win Type 0 Total 29 Types 16/1/6/1/1/0/2/1/1 Lore% 86 Gallery% 84 Achievement% 81 Wizard Run 0 Options --------- Layout 1 ASCII 0 Keyboard 0 Movement Mouse Keybinds 0 Fullscreen 1 Font 24/Smallcaps Map View 50x35 Zoom Use 0% Tactical HUD 1 Map Filters NONE Filters NONE Steam 1 RUN: a6a2dcc2-87ae-45e8-b644-a69885ab0391